Workbook
Name ArC: Articole!$E$5:$E$2004
Name ArD: Articole!$D$5:$D$2004
Name ArData: Articole!$G$5:$G$2004
Name ArExp: Articole!$C$5:$C$2004
Name ArKey: Articole!$L$5:$L$2004
Name ArNr: Articole!$B$5:$B$2004
Name ArSort: Articole!$M$5:$M$2004
Name ArSuma: Articole!$F$5:$F$2004
Name CUIEnt: 'Plan de conturi'!$C$5
Name Entitate: 'Plan de conturi'!$C$4
Name NrNC: 'Notă contabilă'!$E$5
Name PlanCont: 'Plan de conturi'!$B$8:$B$207
Name PlanDen: 'Plan de conturi'!$C$8:$C$207
Name PlanTip: 'Plan de conturi'!$D$8:$D$207
Name RandNC: 'Notă contabilă'!$K$1

Sheet Notă contabilă
B1: =Entitate -> Exemplu Distribuție SRL | K1: =IFERROR(MATCH(NrNC,'Registru note'!$B$5:$B$504,0),0) -> 2
B2: ="CUI "&CUIEnt -> CUI RO12345678
B4: NOTĂ DE CONTABILITATE
D5: Nr. | E5: 2 | F5: din | G5: =IF(RandNC=0,"",RIGHT("0"&DAY(INDEX('Registru note'!$C$5:$C$504,RandNC)),2)&"."&RIGHT("0"&MONTH(INDEX('Registru note'!$C$5:$C$504,RandNC)),2)&"."&YEAR(INDEX('Registru note'!$C$5:$C$504,RandNC))) -> 31.10.2026 | J5: ← alege nota
B7: Explicație: | D7: =IF(RandNC=0,"",IF(INDEX('Registru note'!$E$5:$E$504,RandNC)="","—",INDEX('Registru note'!$E$5:$E$504,RandNC))) -> Salariile și contribuțiile – octombrie 2026
B8: Tipul operațiunii: | D8: =IF(RandNC=0,"",IF(INDEX('Registru note'!$D$5:$D$504,RandNC)="","—",INDEX('Registru note'!$D$5:$D$504,RandNC))) -> Închidere de lună
B9: Document justificativ: | D9: =IF(RandNC=0,"",IF(INDEX('Registru note'!$F$5:$F$504,RandNC)="","—",INDEX('Registru note'!$F$5:$F$504,RandNC))) -> Stat de plată, octombrie 2026
B10: Ce stornează: | D10: =IF(RandNC=0,"",IF(INDEX('Registru note'!$G$5:$G$504,RandNC)="","—",INDEX('Registru note'!$G$5:$G$504,RandNC))) -> —
B12: Nr. | C12: Explicația | F12: Cont debitor | G12: Cont creditor | H12: Suma (lei)
B13: =IF(ISNUMBER(MATCH(NrNC&"|"&1,ArKey,0)),1,"") -> 1 | C13: =IF($B13="","",INDEX(ArExp,MATCH(NrNC&"|"&1,ArKey,0))) -> Salariile brute ale lunii | F13: =IF($B13="","",INDEX(ArD,MATCH(NrNC&"|"&1,ArKey,0))) -> 641 | G13: =IF($B13="","",INDEX(ArC,MATCH(NrNC&"|"&1,ArKey,0))) -> 421 | H13: =IF($B13="","",INDEX(ArSuma,MATCH(NrNC&"|"&1,ArKey,0))) -> 18000
B14: =IF(ISNUMBER(MATCH(NrNC&"|"&2,ArKey,0)),2,"") -> 2 | C14: =IF($B14="","",INDEX(ArExp,MATCH(NrNC&"|"&2,ArKey,0))) -> Contribuția de asigurări sociale reținută | F14: =IF($B14="","",INDEX(ArD,MATCH(NrNC&"|"&2,ArKey,0))) -> 421 | G14: =IF($B14="","",INDEX(ArC,MATCH(NrNC&"|"&2,ArKey,0))) -> 4315 | H14: =IF($B14="","",INDEX(ArSuma,MATCH(NrNC&"|"&2,ArKey,0))) -> 4500
B15: =IF(ISNUMBER(MATCH(NrNC&"|"&3,ArKey,0)),3,"") -> 3 | C15: =IF($B15="","",INDEX(ArExp,MATCH(NrNC&"|"&3,ArKey,0))) -> Contribuția de asigurări sociale de sănătate reținută | F15: =IF($B15="","",INDEX(ArD,MATCH(NrNC&"|"&3,ArKey,0))) -> 421 | G15: =IF($B15="","",INDEX(ArC,MATCH(NrNC&"|"&3,ArKey,0))) -> 4316 | H15: =IF($B15="","",INDEX(ArSuma,MATCH(NrNC&"|"&3,ArKey,0))) -> 1800
B16: =IF(ISNUMBER(MATCH(NrNC&"|"&4,ArKey,0)),4,"") -> 4 | C16: =IF($B16="","",INDEX(ArExp,MATCH(NrNC&"|"&4,ArKey,0))) -> Impozitul pe salarii reținut | F16: =IF($B16="","",INDEX(ArD,MATCH(NrNC&"|"&4,ArKey,0))) -> 421 | G16: =IF($B16="","",INDEX(ArC,MATCH(NrNC&"|"&4,ArKey,0))) -> 444 | H16: =IF($B16="","",INDEX(ArSuma,MATCH(NrNC&"|"&4,ArKey,0))) -> 1170
B17: =IF(ISNUMBER(MATCH(NrNC&"|"&5,ArKey,0)),5,"") -> 5 | C17: =IF($B17="","",INDEX(ArExp,MATCH(NrNC&"|"&5,ArKey,0))) -> Contribuția asiguratorie pentru muncă | F17: =IF($B17="","",INDEX(ArD,MATCH(NrNC&"|"&5,ArKey,0))) -> 646 | G17: =IF($B17="","",INDEX(ArC,MATCH(NrNC&"|"&5,ArKey,0))) -> 436 | H17: =IF($B17="","",INDEX(ArSuma,MATCH(NrNC&"|"&5,ArKey,0))) -> 405
B18: =IF(ISNUMBER(MATCH(NrNC&"|"&6,ArKey,0)),6,"") | C18: =IF($B18="","",INDEX(ArExp,MATCH(NrNC&"|"&6,ArKey,0))) | F18: =IF($B18="","",INDEX(ArD,MATCH(NrNC&"|"&6,ArKey,0))) | G18: =IF($B18="","",INDEX(ArC,MATCH(NrNC&"|"&6,ArKey,0))) | H18: =IF($B18="","",INDEX(ArSuma,MATCH(NrNC&"|"&6,ArKey,0)))
B19: =IF(ISNUMBER(MATCH(NrNC&"|"&7,ArKey,0)),7,"") | C19: =IF($B19="","",INDEX(ArExp,MATCH(NrNC&"|"&7,ArKey,0))) | F19: =IF($B19="","",INDEX(ArD,MATCH(NrNC&"|"&7,ArKey,0))) | G19: =IF($B19="","",INDEX(ArC,MATCH(NrNC&"|"&7,ArKey,0))) | H19: =IF($B19="","",INDEX(ArSuma,MATCH(NrNC&"|"&7,ArKey,0)))
B20: =IF(ISNUMBER(MATCH(NrNC&"|"&8,ArKey,0)),8,"") | C20: =IF($B20="","",INDEX(ArExp,MATCH(NrNC&"|"&8,ArKey,0))) | F20: =IF($B20="","",INDEX(ArD,MATCH(NrNC&"|"&8,ArKey,0))) | G20: =IF($B20="","",INDEX(ArC,MATCH(NrNC&"|"&8,ArKey,0))) | H20: =IF($B20="","",INDEX(ArSuma,MATCH(NrNC&"|"&8,ArKey,0)))
B21: =IF(ISNUMBER(MATCH(NrNC&"|"&9,ArKey,0)),9,"") | C21: =IF($B21="","",INDEX(ArExp,MATCH(NrNC&"|"&9,ArKey,0))) | F21: =IF($B21="","",INDEX(ArD,MATCH(NrNC&"|"&9,ArKey,0))) | G21: =IF($B21="","",INDEX(ArC,MATCH(NrNC&"|"&9,ArKey,0))) | H21: =IF($B21="","",INDEX(ArSuma,MATCH(NrNC&"|"&9,ArKey,0)))
B22: =IF(ISNUMBER(MATCH(NrNC&"|"&10,ArKey,0)),10,"") | C22: =IF($B22="","",INDEX(ArExp,MATCH(NrNC&"|"&10,ArKey,0))) | F22: =IF($B22="","",INDEX(ArD,MATCH(NrNC&"|"&10,ArKey,0))) | G22: =IF($B22="","",INDEX(ArC,MATCH(NrNC&"|"&10,ArKey,0))) | H22: =IF($B22="","",INDEX(ArSuma,MATCH(NrNC&"|"&10,ArKey,0)))
B23: =IF(ISNUMBER(MATCH(NrNC&"|"&11,ArKey,0)),11,"") | C23: =IF($B23="","",INDEX(ArExp,MATCH(NrNC&"|"&11,ArKey,0))) | F23: =IF($B23="","",INDEX(ArD,MATCH(NrNC&"|"&11,ArKey,0))) | G23: =IF($B23="","",INDEX(ArC,MATCH(NrNC&"|"&11,ArKey,0))) | H23: =IF($B23="","",INDEX(ArSuma,MATCH(NrNC&"|"&11,ArKey,0)))
B24: =IF(ISNUMBER(MATCH(NrNC&"|"&12,ArKey,0)),12,"") | C24: =IF($B24="","",INDEX(ArExp,MATCH(NrNC&"|"&12,ArKey,0))) | F24: =IF($B24="","",INDEX(ArD,MATCH(NrNC&"|"&12,ArKey,0))) | G24: =IF($B24="","",INDEX(ArC,MATCH(NrNC&"|"&12,ArKey,0))) | H24: =IF($B24="","",INDEX(ArSuma,MATCH(NrNC&"|"&12,ArKey,0)))
B25: =IF(ISNUMBER(MATCH(NrNC&"|"&13,ArKey,0)),13,"") | C25: =IF($B25="","",INDEX(ArExp,MATCH(NrNC&"|"&13,ArKey,0))) | F25: =IF($B25="","",INDEX(ArD,MATCH(NrNC&"|"&13,ArKey,0))) | G25: =IF($B25="","",INDEX(ArC,MATCH(NrNC&"|"&13,ArKey,0))) | H25: =IF($B25="","",INDEX(ArSuma,MATCH(NrNC&"|"&13,ArKey,0)))
B26: =IF(ISNUMBER(MATCH(NrNC&"|"&14,ArKey,0)),14,"") | C26: =IF($B26="","",INDEX(ArExp,MATCH(NrNC&"|"&14,ArKey,0))) | F26: =IF($B26="","",INDEX(ArD,MATCH(NrNC&"|"&14,ArKey,0))) | G26: =IF($B26="","",INDEX(ArC,MATCH(NrNC&"|"&14,ArKey,0))) | H26: =IF($B26="","",INDEX(ArSuma,MATCH(NrNC&"|"&14,ArKey,0)))
B27: =IF(ISNUMBER(MATCH(NrNC&"|"&15,ArKey,0)),15,"") | C27: =IF($B27="","",INDEX(ArExp,MATCH(NrNC&"|"&15,ArKey,0))) | F27: =IF($B27="","",INDEX(ArD,MATCH(NrNC&"|"&15,ArKey,0))) | G27: =IF($B27="","",INDEX(ArC,MATCH(NrNC&"|"&15,ArKey,0))) | H27: =IF($B27="","",INDEX(ArSuma,MATCH(NrNC&"|"&15,ArKey,0)))
F28: TOTAL | H28: =SUM(H13:H27) -> 25875
B29: =IF(RandNC=0,"",IF(COUNTIFS(ArNr,NrNC)>15,"Atenție: nota are mai mult de 15 articole; pe pagină apar primele 15.",""))
B31: Întocmit | F31: Verificat
B32: =IF(RandNC=0,"",INDEX('Registru note'!$H$5:$H$504,RandNC)) -> Maria Stoica | F32: =IF(RandNC=0,"",IF(INDEX('Registru note'!$I$5:$I$504,RandNC)="","(neverificată)",INDEX('Registru note'!$I$5:$I$504,RandNC))) -> Dan Ilie
B33: Semnătura ........................... | F33: Semnătura ...........................
B35: Formular: Notă de contabilitate (cod 14-6-2/A), OMFP nr. 2.634/2015. Se înregistrează în Registrul-jurnal.

Sheet Registru note
B1: Registrul notelor contabile
B2: Un rând pentru fiecare notă: data, tipul operațiunii, explicația și documentul care o justifică (notă de calcul, proces-verbal, situație). Articolele contabile se scriu în foaia Articole.
B4: Nr. notă | C4: Data | D4: Tipul operațiunii | E4: Explicație | F4: Document justificativ | G4: Ce stornează (pentru stornări) | H4: Întocmit | I4: Verificat | J4: Nr. articole | K4: Total | L4: Verificare
B5: 1 | C5: =DATE(2026,10,31) -> 46326 | D5: Închidere de lună | E5: Amortizarea imobilizărilor – octombrie 2026 | F5: Situația amortizării, octombrie 2026 | H5: Maria Stoica | I5: Dan Ilie | J5: =IF(B5="","",COUNTIF(Articole!$B$5:$B$2004,B5)) -> 2 | K5: =IF(B5="","",SUMIF(Articole!$B$5:$B$2004,B5,Articole!$F$5:$F$2004)) -> 2458.33 | L5: =IF(B5="","",TRIM(IF(COUNTIF($B$5:$B$504,B5)>1,"Număr de notă dublat. ","")&IF(NOT(ISNUMBER(C5)),"Lipsește data. ","")&IF(N(J5)=0,"Nota nu are articole. ","")&IF(F5="","Lipsește documentul justificativ (notă de calcul, proces-verbal etc.). ","")&IF(AND(D5="Stornare",G5=""),"Precizează ce înregistrare stornezi. ","")&IF(I5="","Nota nu este verificată. ","")&IF(COUNTIFS(Articole!$B$5:$B$2004,B5,Articole!$K$5:$K$2004,"?*")>0,"Are articole cu probleme (vezi Articole). ","")))
B6: 2 | C6: =DATE(2026,10,31) -> 46326 | D6: Închidere de lună | E6: Salariile și contribuțiile – octombrie 2026 | F6: Stat de plată, octombrie 2026 | H6: Maria Stoica | I6: Dan Ilie | J6: =IF(B6="","",COUNTIF(Articole!$B$5:$B$2004,B6)) -> 5 | K6: =IF(B6="","",SUMIF(Articole!$B$5:$B$2004,B6,Articole!$F$5:$F$2004)) -> 25875 | L6: =IF(B6="","",TRIM(IF(COUNTIF($B$5:$B$504,B6)>1,"Număr de notă dublat. ","")&IF(NOT(ISNUMBER(C6)),"Lipsește data. ","")&IF(N(J6)=0,"Nota nu are articole. ","")&IF(F6="","Lipsește documentul justificativ (notă de calcul, proces-verbal etc.). ","")&IF(AND(D6="Stornare",G6=""),"Precizează ce înregistrare stornezi. ","")&IF(I6="","Nota nu este verificată. ","")&IF(COUNTIFS(Articole!$B$5:$B$2004,B6,Articole!$K$5:$K$2004,"?*")>0,"Are articole cu probleme (vezi Articole). ","")))
B7: 3 | C7: =DATE(2026,10,31) -> 46326 | D7: Regularizare | E7: Regularizarea TVA – octombrie 2026 | F7: Decontul de TVA (D300), octombrie 2026 | H7: Maria Stoica | I7: Dan Ilie | J7: =IF(B7="","",COUNTIF(Articole!$B$5:$B$2004,B7)) -> 2 | K7: =IF(B7="","",SUMIF(Articole!$B$5:$B$2004,B7,Articole!$F$5:$F$2004)) -> 12900 | L7: =IF(B7="","",TRIM(IF(COUNTIF($B$5:$B$504,B7)>1,"Număr de notă dublat. ","")&IF(NOT(ISNUMBER(C7)),"Lipsește data. ","")&IF(N(J7)=0,"Nota nu are articole. ","")&IF(F7="","Lipsește documentul justificativ (notă de calcul, proces-verbal etc.). ","")&IF(AND(D7="Stornare",G7=""),"Precizează ce înregistrare stornezi. ","")&IF(I7="","Nota nu este verificată. ","")&IF(COUNTIFS(Articole!$B$5:$B$2004,B7,Articole!$K$5:$K$2004,"?*")>0,"Are articole cu probleme (vezi Articole). ","")))
B8: 4 | C8: =DATE(2026,10,30) -> 46325 | D8: Regularizare | E8: Lipsă la inventarul mărfurilor | F8: Proces-verbal de inventariere nr. 12/30.10.2026 | H8: Maria Stoica | I8: Dan Ilie | J8: =IF(B8="","",COUNTIF(Articole!$B$5:$B$2004,B8)) -> 1 | K8: =IF(B8="","",SUMIF(Articole!$B$5:$B$2004,B8,Articole!$F$5:$F$2004)) -> 400 | L8: =IF(B8="","",TRIM(IF(COUNTIF($B$5:$B$504,B8)>1,"Număr de notă dublat. ","")&IF(NOT(ISNUMBER(C8)),"Lipsește data. ","")&IF(N(J8)=0,"Nota nu are articole. ","")&IF(F8="","Lipsește documentul justificativ (notă de calcul, proces-verbal etc.). ","")&IF(AND(D8="Stornare",G8=""),"Precizează ce înregistrare stornezi. ","")&IF(I8="","Nota nu este verificată. ","")&IF(COUNTIFS(Articole!$B$5:$B$2004,B8,Articole!$K$5:$K$2004,"?*")>0,"Are articole cu probleme (vezi Articole). ","")))
B9: 5 | C9: =DATE(2026,10,31) -> 46326 | D9: Închidere de lună | E9: Asigurarea CASCO plătită pe 12 luni – cota lunii octombrie | F9: Notă de calcul nr. 7/31.10.2026 | H9: Maria Stoica | I9: Dan Ilie | J9: =IF(B9="","",COUNTIF(Articole!$B$5:$B$2004,B9)) -> 1 | K9: =IF(B9="","",SUMIF(Articole!$B$5:$B$2004,B9,Articole!$F$5:$F$2004)) -> 300 | L9: =IF(B9="","",TRIM(IF(COUNTIF($B$5:$B$504,B9)>1,"Număr de notă dublat. ","")&IF(NOT(ISNUMBER(C9)),"Lipsește data. ","")&IF(N(J9)=0,"Nota nu are articole. ","")&IF(F9="","Lipsește documentul justificativ (notă de calcul, proces-verbal etc.). ","")&IF(AND(D9="Stornare",G9=""),"Precizează ce înregistrare stornezi. ","")&IF(I9="","Nota nu este verificată. ","")&IF(COUNTIFS(Articole!$B$5:$B$2004,B9,Articole!$K$5:$K$2004,"?*")>0,"Are articole cu probleme (vezi Articole). ","")))
B10: 6 | C10: =DATE(2026,10,27) -> 46322 | D10: Stornare | E10: Stornarea facturii nr. 778 înregistrate pe un cont greșit | F10: Factura nr. 778/20.10.2026 | G10: Înregistrarea din 20.10.2026 a facturii 778 pe contul 628 | H10: Maria Stoica | I10: Dan Ilie | J10: =IF(B10="","",COUNTIF(Articole!$B$5:$B$2004,B10)) -> 1 | K10: =IF(B10="","",SUMIF(Articole!$B$5:$B$2004,B10,Articole!$F$5:$F$2004)) -> -1200 | L10: =IF(B10="","",TRIM(IF(COUNTIF($B$5:$B$504,B10)>1,"Număr de notă dublat. ","")&IF(NOT(ISNUMBER(C10)),"Lipsește data. ","")&IF(N(J10)=0,"Nota nu are articole. ","")&IF(F10="","Lipsește documentul justificativ (notă de calcul, proces-verbal etc.). ","")&IF(AND(D10="Stornare",G10=""),"Precizează ce înregistrare stornezi. ","")&IF(I10="","Nota nu este verificată. ","")&IF(COUNTIFS(Articole!$B$5:$B$2004,B10,Articole!$K$5:$K$2004,"?*")>0,"Are articole cu probleme (vezi Articole). ","")))
B11: 7 | C11: =DATE(2026,10,27) -> 46322 | D11: Corectare | E11: Reînregistrarea facturii nr. 778 (onorariu avocat) pe contul corect | F11: Factura nr. 778/20.10.2026 | H11: Maria Stoica | I11: Dan Ilie | J11: =IF(B11="","",COUNTIF(Articole!$B$5:$B$2004,B11)) -> 1 | K11: =IF(B11="","",SUMIF(Articole!$B$5:$B$2004,B11,Articole!$F$5:$F$2004)) -> 1200 | L11: =IF(B11="","",TRIM(IF(COUNTIF($B$5:$B$504,B11)>1,"Număr de notă dublat. ","")&IF(NOT(ISNUMBER(C11)),"Lipsește data. ","")&IF(N(J11)=0,"Nota nu are articole. ","")&IF(F11="","Lipsește documentul justificativ (notă de calcul, proces-verbal etc.). ","")&IF(AND(D11="Stornare",G11=""),"Precizează ce înregistrare stornezi. ","")&IF(I11="","Nota nu este verificată. ","")&IF(COUNTIFS(Articole!$B$5:$B$2004,B11,Articole!$K$5:$K$2004,"?*")>0,"Are articole cu probleme (vezi Articole). ","")))
B12: 8 | C12: =DATE(2026,10,31) -> 46326 | D12: Compensare | E12: Compensare datorie furnizor cu creanță client – Electro Plus SRL | H12: Maria Stoica | J12: =IF(B12="","",COUNTIF(Articole!$B$5:$B$2004,B12)) -> 1 | K12: =IF(B12="","",SUMIF(Articole!$B$5:$B$2004,B12,Articole!$F$5:$F$2004)) -> 2500 | L12: =IF(B12="","",TRIM(IF(COUNTIF($B$5:$B$504,B12)>1,"Număr de notă dublat. ","")&IF(NOT(ISNUMBER(C12)),"Lipsește data. ","")&IF(N(J12)=0,"Nota nu are articole. ","")&IF(F12="","Lipsește documentul justificativ (notă de calcul, proces-verbal etc.). ","")&IF(AND(D12="Stornare",G12=""),"Precizează ce înregistrare stornezi. ","")&IF(I12="","Nota nu este verificată. ","")&IF(COUNTIFS(Articole!$B$5:$B$2004,B12,Articole!$K$5:$K$2004,"?*")>0,"Are articole cu probleme (vezi Articole). ",""))) -> Lipsește documentul justificativ (notă de calcul, proces-verbal etc.). Nota nu este verificată.
J13: =IF(B13="","",COUNTIF(Articole!$B$5:$B$2004,B13)) | K13: =IF(B13="","",SUMIF(Articole!$B$5:$B$2004,B13,Articole!$F$5:$F$2004)) | L13: =IF(B13="","",TRIM(IF(COUNTIF($B$5:$B$504,B13)>1,"Număr de notă dublat. ","")&IF(NOT(ISNUMBER(C13)),"Lipsește data. ","")&IF(N(J13)=0,"Nota nu are articole. ","")&IF(F13="","Lipsește documentul justificativ (notă de calcul, proces-verbal etc.). ","")&IF(AND(D13="Stornare",G13=""),"Precizează ce înregistrare stornezi. ","")&IF(I13="","Nota nu este verificată. ","")&IF(COUNTIFS(Articole!$B$5:$B$2004,B13,Articole!$K$5:$K$2004,"?*")>0,"Are articole cu probleme (vezi Articole). ","")))
J14: =IF(B14="","",COUNTIF(Articole!$B$5:$B$2004,B14)) | K14: =IF(B14="","",SUMIF(Articole!$B$5:$B$2004,B14,Articole!$F$5:$F$2004)) | L14: =IF(B14="","",TRIM(IF(COUNTIF($B$5:$B$504,B14)>1,"Număr de notă dublat. ","")&IF(NOT(ISNUMBER(C14)),"Lipsește data. ","")&IF(N(J14)=0,"Nota nu are articole. ","")&IF(F14="","Lipsește documentul justificativ (notă de calcul, proces-verbal etc.). ","")&IF(AND(D14="Stornare",G14=""),"Precizează ce înregistrare stornezi. ","")&IF(I14="","Nota nu este verificată. ","")&IF(COUNTIFS(Articole!$B$5:$B$2004,B14,Articole!$K$5:$K$2004,"?*")>0,"Are articole cu probleme (vezi Articole). ","")))
J15: =IF(B15="","",COUNTIF(Articole!$B$5:$B$2004,B15)) | K15: =IF(B15="","",SUMIF(Articole!$B$5:$B$2004,B15,Articole!$F$5:$F$2004)) | L15: =IF(B15="","",TRIM(IF(COUNTIF($B$5:$B$504,B15)>1,"Număr de notă dublat. ","")&IF(NOT(ISNUMBER(C15)),"Lipsește data. ","")&IF(N(J15)=0,"Nota nu are articole. ","")&IF(F15="","Lipsește documentul justificativ (notă de calcul, proces-verbal etc.). ","")&IF(AND(D15="Stornare",G15=""),"Precizează ce înregistrare stornezi. ","")&IF(I15="","Nota nu este verificată. ","")&IF(COUNTIFS(Articole!$B$5:$B$2004,B15,Articole!$K$5:$K$2004,"?*")>0,"Are articole cu probleme (vezi Articole). ","")))
J16: =IF(B16="","",COUNTIF(Articole!$B$5:$B$2004,B16)) | K16: =IF(B16="","",SUMIF(Articole!$B$5:$B$2004,B16,Articole!$F$5:$F$2004)) | L16: =IF(B16="","",TRIM(IF(COUNTIF($B$5:$B$504,B16)>1,"Număr de notă dublat. ","")&IF(NOT(ISNUMBER(C16)),"Lipsește data. ","")&IF(N(J16)=0,"Nota nu are articole. ","")&IF(F16="","Lipsește documentul justificativ (notă de calcul, proces-verbal etc.). ","")&IF(AND(D16="Stornare",G16=""),"Precizează ce înregistrare stornezi. ","")&IF(I16="","Nota nu este verificată. ","")&IF(COUNTIFS(Articole!$B$5:$B$2004,B16,Articole!$K$5:$K$2004,"?*")>0,"Are articole cu probleme (vezi Articole). ","")))
J17: =IF(B17="","",COUNTIF(Articole!$B$5:$B$2004,B17)) | K17: =IF(B17="","",SUMIF(Articole!$B$5:$B$2004,B17,Articole!$F$5:$F$2004)) | L17: =IF(B17="","",TRIM(IF(COUNTIF($B$5:$B$504,B17)>1,"Număr de notă dublat. ","")&IF(NOT(ISNUMBER(C17)),"Lipsește data. ","")&IF(N(J17)=0,"Nota nu are articole. ","")&IF(F17="","Lipsește documentul justificativ (notă de calcul, proces-verbal etc.). ","")&IF(AND(D17="Stornare",G17=""),"Precizează ce înregistrare stornezi. ","")&IF(I17="","Nota nu este verificată. ","")&IF(COUNTIFS(Articole!$B$5:$B$2004,B17,Articole!$K$5:$K$2004,"?*")>0,"Are articole cu probleme (vezi Articole). ","")))
J18: =IF(B18="","",COUNTIF(Articole!$B$5:$B$2004,B18)) | K18: =IF(B18="","",SUMIF(Articole!$B$5:$B$2004,B18,Articole!$F$5:$F$2004)) | L18: =IF(B18="","",TRIM(IF(COUNTIF($B$5:$B$504,B18)>1,"Număr de notă dublat. ","")&IF(NOT(ISNUMBER(C18)),"Lipsește data. ","")&IF(N(J18)=0,"Nota nu are articole. ","")&IF(F18="","Lipsește documentul justificativ (notă de calcul, proces-verbal etc.). ","")&IF(AND(D18="Stornare",G18=""),"Precizează ce înregistrare stornezi. ","")&IF(I18="","Nota nu este verificată. ","")&IF(COUNTIFS(Articole!$B$5:$B$2004,B18,Articole!$K$5:$K$2004,"?*")>0,"Are articole cu probleme (vezi Articole). ","")))
J19: =IF(B19="","",COUNTIF(Articole!$B$5:$B$2004,B19)) | K19: =IF(B19="","",SUMIF(Articole!$B$5:$B$2004,B19,Articole!$F$5:$F$2004)) | L19: =IF(B19="","",TRIM(IF(COUNTIF($B$5:$B$504,B19)>1,"Număr de notă dublat. ","")&IF(NOT(ISNUMBER(C19)),"Lipsește data. ","")&IF(N(J19)=0,"Nota nu are articole. ","")&IF(F19="","Lipsește documentul justificativ (notă de calcul, proces-verbal etc.). ","")&IF(AND(D19="Stornare",G19=""),"Precizează ce înregistrare stornezi. ","")&IF(I19="","Nota nu este verificată. ","")&IF(COUNTIFS(Articole!$B$5:$B$2004,B19,Articole!$K$5:$K$2004,"?*")>0,"Are articole cu probleme (vezi Articole). ","")))
J20: =IF(B20="","",COUNTIF(Articole!$B$5:$B$2004,B20)) | K20: =IF(B20="","",SUMIF(Articole!$B$5:$B$2004,B20,Articole!$F$5:$F$2004)) | L20: =IF(B20="","",TRIM(IF(COUNTIF($B$5:$B$504,B20)>1,"Număr de notă dublat. ","")&IF(NOT(ISNUMBER(C20)),"Lipsește data. ","")&IF(N(J20)=0,"Nota nu are articole. ","")&IF(F20="","Lipsește documentul justificativ (notă de calcul, proces-verbal etc.). ","")&IF(AND(D20="Stornare",G20=""),"Precizează ce înregistrare stornezi. ","")&IF(I20="","Nota nu este verificată. ","")&IF(COUNTIFS(Articole!$B$5:$B$2004,B20,Articole!$K$5:$K$2004,"?*")>0,"Are articole cu probleme (vezi Articole). ","")))
J21: =IF(B21="","",COUNTIF(Articole!$B$5:$B$2004,B21)) | K21: =IF(B21="","",SUMIF(Articole!$B$5:$B$2004,B21,Articole!$F$5:$F$2004)) | L21: =IF(B21="","",TRIM(IF(COUNTIF($B$5:$B$504,B21)>1,"Număr de notă dublat. ","")&IF(NOT(ISNUMBER(C21)),"Lipsește data. ","")&IF(N(J21)=0,"Nota nu are articole. ","")&IF(F21="","Lipsește documentul justificativ (notă de calcul, proces-verbal etc.). ","")&IF(AND(D21="Stornare",G21=""),"Precizează ce înregistrare stornezi. ","")&IF(I21="","Nota nu este verificată. ","")&IF(COUNTIFS(Articole!$B$5:$B$2004,B21,Articole!$K$5:$K$2004,"?*")>0,"Are articole cu probleme (vezi Articole). ","")))
J22: =IF(B22="","",COUNTIF(Articole!$B$5:$B$2004,B22)) | K22: =IF(B22="","",SUMIF(Articole!$B$5:$B$2004,B22,Articole!$F$5:$F$2004)) | L22: =IF(B22="","",TRIM(IF(COUNTIF($B$5:$B$504,B22)>1,"Număr de notă dublat. ","")&IF(NOT(ISNUMBER(C22)),"Lipsește data. ","")&IF(N(J22)=0,"Nota nu are articole. ","")&IF(F22="","Lipsește documentul justificativ (notă de calcul, proces-verbal etc.). ","")&IF(AND(D22="Stornare",G22=""),"Precizează ce înregistrare stornezi. ","")&IF(I22="","Nota nu este verificată. ","")&IF(COUNTIFS(Articole!$B$5:$B$2004,B22,Articole!$K$5:$K$2004,"?*")>0,"Are articole cu probleme (vezi Articole). ","")))
J23: =IF(B23="","",COUNTIF(Articole!$B$5:$B$2004,B23)) | K23: =IF(B23="","",SUMIF(Articole!$B$5:$B$2004,B23,Articole!$F$5:$F$2004)) | L23: =IF(B23="","",TRIM(IF(COUNTIF($B$5:$B$504,B23)>1,"Număr de notă dublat. ","")&IF(NOT(ISNUMBER(C23)),"Lipsește data. ","")&IF(N(J23)=0,"Nota nu are articole. ","")&IF(F23="","Lipsește documentul justificativ (notă de calcul, proces-verbal etc.). ","")&IF(AND(D23="Stornare",G23=""),"Precizează ce înregistrare stornezi. ","")&IF(I23="","Nota nu este verificată. ","")&IF(COUNTIFS(Articole!$B$5:$B$2004,B23,Articole!$K$5:$K$2004,"?*")>0,"Are articole cu probleme (vezi Articole). ","")))
J24: =IF(B24="","",COUNTIF(Articole!$B$5:$B$2004,B24)) | K24: =IF(B24="","",SUMIF(Articole!$B$5:$B$2004,B24,Articole!$F$5:$F$2004)) | L24: =IF(B24="","",TRIM(IF(COUNTIF($B$5:$B$504,B24)>1,"Număr de notă dublat. ","")&IF(NOT(ISNUMBER(C24)),"Lipsește data. ","")&IF(N(J24)=0,"Nota nu are articole. ","")&IF(F24="","Lipsește documentul justificativ (notă de calcul, proces-verbal etc.). ","")&IF(AND(D24="Stornare",G24=""),"Precizează ce înregistrare stornezi. ","")&IF(I24="","Nota nu este verificată. ","")&IF(COUNTIFS(Articole!$B$5:$B$2004,B24,Articole!$K$5:$K$2004,"?*")>0,"Are articole cu probleme (vezi Articole). ","")))
... J504: =IF(B504="","",COUNTIF(Articole!$B$5:$B$2004,B504)) | K504: =IF(B504="","",SUMIF(Articole!$B$5:$B$2004,B504,Articole!$F$5:$F$2004)) | L504: =IF(B504="","",TRIM(IF(COUNTIF($B$5:$B$504,B504)>1,"Număr de notă dublat. ","")&IF(NOT(ISNUMBER(C504)),"Lipsește data. ","")&IF(N(J504)=0,"Nota nu are articole. ","")&IF(F504="","Lipsește documentul justificativ (notă de calcul, proces-verbal etc.). ","")&IF(AND(D504="Stornare",G504=""),"Precizează ce înregistrare stornezi. ","")&IF(I504="","Nota nu este verificată. ","")&IF(COUNTIFS(Articole!$B$5:$B$2004,B504,Articole!$K$5:$K$2004,"?*")>0,"Are articole cu probleme (vezi Articole). ","")))

Sheet Articole
B1: Articolele contabile
B2: Un rând pentru fiecare înregistrare: contul debitor, contul creditor și suma. O notă poate avea oricâte articole. La stornare, suma se trece cu minus (stornare în roșu).
B3: Total sume: | F3: =SUM(F5:F2004) -> 44433.33 | K3: =IF(COUNTIF(K5:K2004,"?*")=0,"✔ Fără probleme",COUNTIF(K5:K2004,"?*")&" articole de verificat") -> ✔ Fără probleme
B4: Nr. notă | C4: Explicația articolului | D4: Cont debitor | E4: Cont creditor | F4: Sumă | G4: Data | H4: Denumire cont debitor | I4: Denumire cont creditor | J4: Tip notă | K4: Verificare | L4: cheie | M4: sortare
B5: 1 | C5: Amortizarea echipamentelor și a mijloacelor de transport | D5: 6811 | E5: 2813 | F5: 2208.33 | G5: =IF(B5="","",IFERROR(INDEX('Registru note'!$C$5:$C$504,MATCH(B5,'Registru note'!$B$5:$B$504,0)),"")) -> 46326 | H5: =IF(D5="","",IFERROR(INDEX(PlanDen,MATCH(TRIM(IF(ISNUMBER(FIND(".",D5)),LEFT(D5,FIND(".",D5)-1),D5)),PlanCont,0)),IFERROR(INDEX(PlanDen,MATCH(LEFT(TRIM(IF(ISNUMBER(FIND(".",D5)),LEFT(D5,FIND(".",D5)-1),D5)),4),PlanCont,0)),IFERROR(INDEX(PlanDen,MATCH(LEFT(TRIM(IF(ISNUMBER(FIND(".",D5)),LEFT(D5,FIND(".",D5)-1),D5)),3),PlanCont,0)),"Cont inexistent în plan")))) -> Cheltuieli de exploatare privind amortizarea imobilizărilor | I5: =IF(E5="","",IFERROR(INDEX(PlanDen,MATCH(TRIM(IF(ISNUMBER(FIND(".",E5)),LEFT(E5,FIND(".",E5)-1),E5)),PlanCont,0)),IFERROR(INDEX(PlanDen,MATCH(LEFT(TRIM(IF(ISNUMBER(FIND(".",E5)),LEFT(E5,FIND(".",E5)-1),E5)),4),PlanCont,0)),IFERROR(INDEX(PlanDen,MATCH(LEFT(TRIM(IF(ISNUMBER(FIND(".",E5)),LEFT(E5,FIND(".",E5)-1),E5)),3),PlanCont,0)),"Cont inexistent în plan")))) -> Amortizarea instalațiilor și mijloacelor de transport | J5: =IF(B5="","",IFERROR(INDEX('Registru note'!$D$5:$D$504,MATCH(B5,'Registru note'!$B$5:$B$504,0)),"")) -> Închidere de lună | K5: =IF(AND(B5="",D5="",E5=""),"",TRIM(IF(ISNA(MATCH(B5,'Registru note'!$B$5:$B$504,0)),"Nota nu există în registru. ","")&IF(D5="","Lipsește contul debitor. ",IF(NOT(OR(ISNUMBER(MATCH(TRIM(IF(ISNUMBER(FIND(".",D5)),LEFT(D5,FIND(".",D5)-1),D5)),PlanCont,0)),ISNUMBER(MATCH(LEFT(TRIM(IF(ISNUMBER(FIND(".",D5)),LEFT(D5,FIND(".",D5)-1),D5)),4),PlanCont,0)),ISNUMBER(MATCH(LEFT(TRIM(IF(ISNUMBER(FIND(".",D5)),LEFT(D5,FIND(".",D5)-1),D5)),3),PlanCont,0)))),"Contul debitor nu există în plan. ",""))&IF(E5="","Lipsește contul creditor. ",IF(NOT(OR(ISNUMBER(MATCH(TRIM(IF(ISNUMBER(FIND(".",E5)),LEFT(E5,FIND(".",E5)-1),E5)),PlanCont,0)),ISNUMBER(MATCH(LEFT(TRIM(IF(ISNUMBER(FIND(".",E5)),LEFT(E5,FIND(".",E5)-1),E5)),4),PlanCont,0)),ISNUMBER(MATCH(LEFT(TRIM(IF(ISNUMBER(FIND(".",E5)),LEFT(E5,FIND(".",E5)-1),E5)),3),PlanCont,0)))),"Contul creditor nu există în plan. ",""))&IF(AND(D5<>"",TRIM(D5&"")=TRIM(E5&"")),"Același cont pe debit și credit. ","")&IF(N(F5)=0,"Lipsește suma. ","")&IF(AND(N(F5)<0,J5<>"Stornare"),"Sumă negativă într-o notă care nu e de stornare. ","")&IF(C5="","Lipsește explicația. ",""))) | L5: =IF(B5="","",B5&"|"&COUNTIF($B$5:B5,B5)) -> 1|1 | M5: =IF(OR(B5="",NOT(ISNUMBER(G5))),"",G5*100000+ROW()) -> 4632600005
B6: 1 | C6: Amortizarea licențelor software | D6: 6811 | E6: 2808 | F6: 250 | G6: =IF(B6="","",IFERROR(INDEX('Registru note'!$C$5:$C$504,MATCH(B6,'Registru note'!$B$5:$B$504,0)),"")) -> 46326 | H6: =IF(D6="","",IFERROR(INDEX(PlanDen,MATCH(TRIM(IF(ISNUMBER(FIND(".",D6)),LEFT(D6,FIND(".",D6)-1),D6)),PlanCont,0)),IFERROR(INDEX(PlanDen,MATCH(LEFT(TRIM(IF(ISNUMBER(FIND(".",D6)),LEFT(D6,FIND(".",D6)-1),D6)),4),PlanCont,0)),IFERROR(INDEX(PlanDen,MATCH(LEFT(TRIM(IF(ISNUMBER(FIND(".",D6)),LEFT(D6,FIND(".",D6)-1),D6)),3),PlanCont,0)),"Cont inexistent în plan")))) -> Cheltuieli de exploatare privind amortizarea imobilizărilor | I6: =IF(E6="","",IFERROR(INDEX(PlanDen,MATCH(TRIM(IF(ISNUMBER(FIND(".",E6)),LEFT(E6,FIND(".",E6)-1),E6)),PlanCont,0)),IFERROR(INDEX(PlanDen,MATCH(LEFT(TRIM(IF(ISNUMBER(FIND(".",E6)),LEFT(E6,FIND(".",E6)-1),E6)),4),PlanCont,0)),IFERROR(INDEX(PlanDen,MATCH(LEFT(TRIM(IF(ISNUMBER(FIND(".",E6)),LEFT(E6,FIND(".",E6)-1),E6)),3),PlanCont,0)),"Cont inexistent în plan")))) -> Amortizarea altor imobilizări necorporale | J6: =IF(B6="","",IFERROR(INDEX('Registru note'!$D$5:$D$504,MATCH(B6,'Registru note'!$B$5:$B$504,0)),"")) -> Închidere de lună | K6: =IF(AND(B6="",D6="",E6=""),"",TRIM(IF(ISNA(MATCH(B6,'Registru note'!$B$5:$B$504,0)),"Nota nu există în registru. ","")&IF(D6="","Lipsește contul debitor. ",IF(NOT(OR(ISNUMBER(MATCH(TRIM(IF(ISNUMBER(FIND(".",D6)),LEFT(D6,FIND(".",D6)-1),D6)),PlanCont,0)),ISNUMBER(MATCH(LEFT(TRIM(IF(ISNUMBER(FIND(".",D6)),LEFT(D6,FIND(".",D6)-1),D6)),4),PlanCont,0)),ISNUMBER(MATCH(LEFT(TRIM(IF(ISNUMBER(FIND(".",D6)),LEFT(D6,FIND(".",D6)-1),D6)),3),PlanCont,0)))),"Contul debitor nu există în plan. ",""))&IF(E6="","Lipsește contul creditor. ",IF(NOT(OR(ISNUMBER(MATCH(TRIM(IF(ISNUMBER(FIND(".",E6)),LEFT(E6,FIND(".",E6)-1),E6)),PlanCont,0)),ISNUMBER(MATCH(LEFT(TRIM(IF(ISNUMBER(FIND(".",E6)),LEFT(E6,FIND(".",E6)-1),E6)),4),PlanCont,0)),ISNUMBER(MATCH(LEFT(TRIM(IF(ISNUMBER(FIND(".",E6)),LEFT(E6,FIND(".",E6)-1),E6)),3),PlanCont,0)))),"Contul creditor nu există în plan. ",""))&IF(AND(D6<>"",TRIM(D6&"")=TRIM(E6&"")),"Același cont pe debit și credit. ","")&IF(N(F6)=0,"Lipsește suma. ","")&IF(AND(N(F6)<0,J6<>"Stornare"),"Sumă negativă într-o notă care nu e de stornare. ","")&IF(C6="","Lipsește explicația. ",""))) | L6: =IF(B6="","",B6&"|"&COUNTIF($B$5:B6,B6)) -> 1|2 | M6: =IF(OR(B6="",NOT(ISNUMBER(G6))),"",G6*100000+ROW()) -> 4632600006
B7: 2 | C7: Salariile brute ale lunii | D7: 641 | E7: 421 | F7: 18000 | G7: =IF(B7="","",IFERROR(INDEX('Registru note'!$C$5:$C$504,MATCH(B7,'Registru note'!$B$5:$B$504,0)),"")) -> 46326 | H7: =IF(D7="","",IFERROR(INDEX(PlanDen,MATCH(TRIM(IF(ISNUMBER(FIND(".",D7)),LEFT(D7,FIND(".",D7)-1),D7)),PlanCont,0)),IFERROR(INDEX(PlanDen,MATCH(LEFT(TRIM(IF(ISNUMBER(FIND(".",D7)),LEFT(D7,FIND(".",D7)-1),D7)),4),PlanCont,0)),IFERROR(INDEX(PlanDen,MATCH(LEFT(TRIM(IF(ISNUMBER(FIND(".",D7)),LEFT(D7,FIND(".",D7)-1),D7)),3),PlanCont,0)),"Cont inexistent în plan")))) -> Cheltuieli cu salariile personalului | I7: =IF(E7="","",IFERROR(INDEX(PlanDen,MATCH(TRIM(IF(ISNUMBER(FIND(".",E7)),LEFT(E7,FIND(".",E7)-1),E7)),PlanCont,0)),IFERROR(INDEX(PlanDen,MATCH(LEFT(TRIM(IF(ISNUMBER(FIND(".",E7)),LEFT(E7,FIND(".",E7)-1),E7)),4),PlanCont,0)),IFERROR(INDEX(PlanDen,MATCH(LEFT(TRIM(IF(ISNUMBER(FIND(".",E7)),LEFT(E7,FIND(".",E7)-1),E7)),3),PlanCont,0)),"Cont inexistent în plan")))) -> Personal – salarii datorate | J7: =IF(B7="","",IFERROR(INDEX('Registru note'!$D$5:$D$504,MATCH(B7,'Registru note'!$B$5:$B$504,0)),"")) -> Închidere de lună | K7: =IF(AND(B7="",D7="",E7=""),"",TRIM(IF(ISNA(MATCH(B7,'Registru note'!$B$5:$B$504,0)),"Nota nu există în registru. ","")&IF(D7="","Lipsește contul debitor. ",IF(NOT(OR(ISNUMBER(MATCH(TRIM(IF(ISNUMBER(FIND(".",D7)),LEFT(D7,FIND(".",D7)-1),D7)),PlanCont,0)),ISNUMBER(MATCH(LEFT(TRIM(IF(ISNUMBER(FIND(".",D7)),LEFT(D7,FIND(".",D7)-1),D7)),4),PlanCont,0)),ISNUMBER(MATCH(LEFT(TRIM(IF(ISNUMBER(FIND(".",D7)),LEFT(D7,FIND(".",D7)-1),D7)),3),PlanCont,0)))),"Contul debitor nu există în plan. ",""))&IF(E7="","Lipsește contul creditor. ",IF(NOT(OR(ISNUMBER(MATCH(TRIM(IF(ISNUMBER(FIND(".",E7)),LEFT(E7,FIND(".",E7)-1),E7)),PlanCont,0)),ISNUMBER(MATCH(LEFT(TRIM(IF(ISNUMBER(FIND(".",E7)),LEFT(E7,FIND(".",E7)-1),E7)),4),PlanCont,0)),ISNUMBER(MATCH(LEFT(TRIM(IF(ISNUMBER(FIND(".",E7)),LEFT(E7,FIND(".",E7)-1),E7)),3),PlanCont,0)))),"Contul creditor nu există în plan. ",""))&IF(AND(D7<>"",TRIM(D7&"")=TRIM(E7&"")),"Același cont pe debit și credit. ","")&IF(N(F7)=0,"Lipsește suma. ","")&IF(AND(N(F7)<0,J7<>"Stornare"),"Sumă negativă într-o notă care nu e de stornare. ","")&IF(C7="","Lipsește explicația. ",""))) | L7: =IF(B7="","",B7&"|"&COUNTIF($B$5:B7,B7)) -> 2|1 | M7: =IF(OR(B7="",NOT(ISNUMBER(G7))),"",G7*100000+ROW()) -> 4632600007
B8: 2 | C8: Contribuția de asigurări sociale reținută | D8: 421 | E8: 4315 | F8: 4500 | G8: =IF(B8="","",IFERROR(INDEX('Registru note'!$C$5:$C$504,MATCH(B8,'Registru note'!$B$5:$B$504,0)),"")) -> 46326 | H8: =IF(D8="","",IFERROR(INDEX(PlanDen,MATCH(TRIM(IF(ISNUMBER(FIND(".",D8)),LEFT(D8,FIND(".",D8)-1),D8)),PlanCont,0)),IFERROR(INDEX(PlanDen,MATCH(LEFT(TRIM(IF(ISNUMBER(FIND(".",D8)),LEFT(D8,FIND(".",D8)-1),D8)),4),PlanCont,0)),IFERROR(INDEX(PlanDen,MATCH(LEFT(TRIM(IF(ISNUMBER(FIND(".",D8)),LEFT(D8,FIND(".",D8)-1),D8)),3),PlanCont,0)),"Cont inexistent în plan")))) -> Personal – salarii datorate | I8: =IF(E8="","",IFERROR(INDEX(PlanDen,MATCH(TRIM(IF(ISNUMBER(FIND(".",E8)),LEFT(E8,FIND(".",E8)-1),E8)),PlanCont,0)),IFERROR(INDEX(PlanDen,MATCH(LEFT(TRIM(IF(ISNUMBER(FIND(".",E8)),LEFT(E8,FIND(".",E8)-1),E8)),4),PlanCont,0)),IFERROR(INDEX(PlanDen,MATCH(LEFT(TRIM(IF(ISNUMBER(FIND(".",E8)),LEFT(E8,FIND(".",E8)-1),E8)),3),PlanCont,0)),"Cont inexistent în plan")))) -> Contribuția de asigurări sociale | J8: =IF(B8="","",IFERROR(INDEX('Registru note'!$D$5:$D$504,MATCH(B8,'Registru note'!$B$5:$B$504,0)),"")) -> Închidere de lună | K8: =IF(AND(B8="",D8="",E8=""),"",TRIM(IF(ISNA(MATCH(B8,'Registru note'!$B$5:$B$504,0)),"Nota nu există în registru. ","")&IF(D8="","Lipsește contul debitor. ",IF(NOT(OR(ISNUMBER(MATCH(TRIM(IF(ISNUMBER(FIND(".",D8)),LEFT(D8,FIND(".",D8)-1),D8)),PlanCont,0)),ISNUMBER(MATCH(LEFT(TRIM(IF(ISNUMBER(FIND(".",D8)),LEFT(D8,FIND(".",D8)-1),D8)),4),PlanCont,0)),ISNUMBER(MATCH(LEFT(TRIM(IF(ISNUMBER(FIND(".",D8)),LEFT(D8,FIND(".",D8)-1),D8)),3),PlanCont,0)))),"Contul debitor nu există în plan. ",""))&IF(E8="","Lipsește contul creditor. ",IF(NOT(OR(ISNUMBER(MATCH(TRIM(IF(ISNUMBER(FIND(".",E8)),LEFT(E8,FIND(".",E8)-1),E8)),PlanCont,0)),ISNUMBER(MATCH(LEFT(TRIM(IF(ISNUMBER(FIND(".",E8)),LEFT(E8,FIND(".",E8)-1),E8)),4),PlanCont,0)),ISNUMBER(MATCH(LEFT(TRIM(IF(ISNUMBER(FIND(".",E8)),LEFT(E8,FIND(".",E8)-1),E8)),3),PlanCont,0)))),"Contul creditor nu există în plan. ",""))&IF(AND(D8<>"",TRIM(D8&"")=TRIM(E8&"")),"Același cont pe debit și credit. ","")&IF(N(F8)=0,"Lipsește suma. ","")&IF(AND(N(F8)<0,J8<>"Stornare"),"Sumă negativă într-o notă care nu e de stornare. ","")&IF(C8="","Lipsește explicația. ",""))) | L8: =IF(B8="","",B8&"|"&COUNTIF($B$5:B8,B8)) -> 2|2 | M8: =IF(OR(B8="",NOT(ISNUMBER(G8))),"",G8*100000+ROW()) -> 4632600008
B9: 2 | C9: Contribuția de asigurări sociale de sănătate reținută | D9: 421 | E9: 4316 | F9: 1800 | G9: =IF(B9="","",IFERROR(INDEX('Registru note'!$C$5:$C$504,MATCH(B9,'Registru note'!$B$5:$B$504,0)),"")) -> 46326 | H9: =IF(D9="","",IFERROR(INDEX(PlanDen,MATCH(TRIM(IF(ISNUMBER(FIND(".",D9)),LEFT(D9,FIND(".",D9)-1),D9)),PlanCont,0)),IFERROR(INDEX(PlanDen,MATCH(LEFT(TRIM(IF(ISNUMBER(FIND(".",D9)),LEFT(D9,FIND(".",D9)-1),D9)),4),PlanCont,0)),IFERROR(INDEX(PlanDen,MATCH(LEFT(TRIM(IF(ISNUMBER(FIND(".",D9)),LEFT(D9,FIND(".",D9)-1),D9)),3),PlanCont,0)),"Cont inexistent în plan")))) -> Personal – salarii datorate | I9: =IF(E9="","",IFERROR(INDEX(PlanDen,MATCH(TRIM(IF(ISNUMBER(FIND(".",E9)),LEFT(E9,FIND(".",E9)-1),E9)),PlanCont,0)),IFERROR(INDEX(PlanDen,MATCH(LEFT(TRIM(IF(ISNUMBER(FIND(".",E9)),LEFT(E9,FIND(".",E9)-1),E9)),4),PlanCont,0)),IFERROR(INDEX(PlanDen,MATCH(LEFT(TRIM(IF(ISNUMBER(FIND(".",E9)),LEFT(E9,FIND(".",E9)-1),E9)),3),PlanCont,0)),"Cont inexistent în plan")))) -> Contribuția de asigurări sociale de sănătate | J9: =IF(B9="","",IFERROR(INDEX('Registru note'!$D$5:$D$504,MATCH(B9,'Registru note'!$B$5:$B$504,0)),"")) -> Închidere de lună | K9: =IF(AND(B9="",D9="",E9=""),"",TRIM(IF(ISNA(MATCH(B9,'Registru note'!$B$5:$B$504,0)),"Nota nu există în registru. ","")&IF(D9="","Lipsește contul debitor. ",IF(NOT(OR(ISNUMBER(MATCH(TRIM(IF(ISNUMBER(FIND(".",D9)),LEFT(D9,FIND(".",D9)-1),D9)),PlanCont,0)),ISNUMBER(MATCH(LEFT(TRIM(IF(ISNUMBER(FIND(".",D9)),LEFT(D9,FIND(".",D9)-1),D9)),4),PlanCont,0)),ISNUMBER(MATCH(LEFT(TRIM(IF(ISNUMBER(FIND(".",D9)),LEFT(D9,FIND(".",D9)-1),D9)),3),PlanCont,0)))),"Contul debitor nu există în plan. ",""))&IF(E9="","Lipsește contul creditor. ",IF(NOT(OR(ISNUMBER(MATCH(TRIM(IF(ISNUMBER(FIND(".",E9)),LEFT(E9,FIND(".",E9)-1),E9)),PlanCont,0)),ISNUMBER(MATCH(LEFT(TRIM(IF(ISNUMBER(FIND(".",E9)),LEFT(E9,FIND(".",E9)-1),E9)),4),PlanCont,0)),ISNUMBER(MATCH(LEFT(TRIM(IF(ISNUMBER(FIND(".",E9)),LEFT(E9,FIND(".",E9)-1),E9)),3),PlanCont,0)))),"Contul creditor nu există în plan. ",""))&IF(AND(D9<>"",TRIM(D9&"")=TRIM(E9&"")),"Același cont pe debit și credit. ","")&IF(N(F9)=0,"Lipsește suma. ","")&IF(AND(N(F9)<0,J9<>"Stornare"),"Sumă negativă într-o notă care nu e de stornare. ","")&IF(C9="","Lipsește explicația. ",""))) | L9: =IF(B9="","",B9&"|"&COUNTIF($B$5:B9,B9)) -> 2|3 | M9: =IF(OR(B9="",NOT(ISNUMBER(G9))),"",G9*100000+ROW()) -> 4632600009
B10: 2 | C10: Impozitul pe salarii reținut | D10: 421 | E10: 444 | F10: 1170 | G10: =IF(B10="","",IFERROR(INDEX('Registru note'!$C$5:$C$504,MATCH(B10,'Registru note'!$B$5:$B$504,0)),"")) -> 46326 | H10: =IF(D10="","",IFERROR(INDEX(PlanDen,MATCH(TRIM(IF(ISNUMBER(FIND(".",D10)),LEFT(D10,FIND(".",D10)-1),D10)),PlanCont,0)),IFERROR(INDEX(PlanDen,MATCH(LEFT(TRIM(IF(ISNUMBER(FIND(".",D10)),LEFT(D10,FIND(".",D10)-1),D10)),4),PlanCont,0)),IFERROR(INDEX(PlanDen,MATCH(LEFT(TRIM(IF(ISNUMBER(FIND(".",D10)),LEFT(D10,FIND(".",D10)-1),D10)),3),PlanCont,0)),"Cont inexistent în plan")))) -> Personal – salarii datorate | I10: =IF(E10="","",IFERROR(INDEX(PlanDen,MATCH(TRIM(IF(ISNUMBER(FIND(".",E10)),LEFT(E10,FIND(".",E10)-1),E10)),PlanCont,0)),IFERROR(INDEX(PlanDen,MATCH(LEFT(TRIM(IF(ISNUMBER(FIND(".",E10)),LEFT(E10,FIND(".",E10)-1),E10)),4),PlanCont,0)),IFERROR(INDEX(PlanDen,MATCH(LEFT(TRIM(IF(ISNUMBER(FIND(".",E10)),LEFT(E10,FIND(".",E10)-1),E10)),3),PlanCont,0)),"Cont inexistent în plan")))) -> Impozitul pe venituri de natura salariilor | J10: =IF(B10="","",IFERROR(INDEX('Registru note'!$D$5:$D$504,MATCH(B10,'Registru note'!$B$5:$B$504,0)),"")) -> Închidere de lună | K10: =IF(AND(B10="",D10="",E10=""),"",TRIM(IF(ISNA(MATCH(B10,'Registru note'!$B$5:$B$504,0)),"Nota nu există în registru. ","")&IF(D10="","Lipsește contul debitor. ",IF(NOT(OR(ISNUMBER(MATCH(TRIM(IF(ISNUMBER(FIND(".",D10)),LEFT(D10,FIND(".",D10)-1),D10)),PlanCont,0)),ISNUMBER(MATCH(LEFT(TRIM(IF(ISNUMBER(FIND(".",D10)),LEFT(D10,FIND(".",D10)-1),D10)),4),PlanCont,0)),ISNUMBER(MATCH(LEFT(TRIM(IF(ISNUMBER(FIND(".",D10)),LEFT(D10,FIND(".",D10)-1),D10)),3),PlanCont,0)))),"Contul debitor nu există în plan. ",""))&IF(E10="","Lipsește contul creditor. ",IF(NOT(OR(ISNUMBER(MATCH(TRIM(IF(ISNUMBER(FIND(".",E10)),LEFT(E10,FIND(".",E10)-1),E10)),PlanCont,0)),ISNUMBER(MATCH(LEFT(TRIM(IF(ISNUMBER(FIND(".",E10)),LEFT(E10,FIND(".",E10)-1),E10)),4),PlanCont,0)),ISNUMBER(MATCH(LEFT(TRIM(IF(ISNUMBER(FIND(".",E10)),LEFT(E10,FIND(".",E10)-1),E10)),3),PlanCont,0)))),"Contul creditor nu există în plan. ",""))&IF(AND(D10<>"",TRIM(D10&"")=TRIM(E10&"")),"Același cont pe debit și credit. ","")&IF(N(F10)=0,"Lipsește suma. ","")&IF(AND(N(F10)<0,J10<>"Stornare"),"Sumă negativă într-o notă care nu e de stornare. ","")&IF(C10="","Lipsește explicația. ",""))) | L10: =IF(B10="","",B10&"|"&COUNTIF($B$5:B10,B10)) -> 2|4 | M10: =IF(OR(B10="",NOT(ISNUMBER(G10))),"",G10*100000+ROW()) -> 4632600010
B11: 2 | C11: Contribuția asiguratorie pentru muncă | D11: 646 | E11: 436 | F11: 405 | G11: =IF(B11="","",IFERROR(INDEX('Registru note'!$C$5:$C$504,MATCH(B11,'Registru note'!$B$5:$B$504,0)),"")) -> 46326 | H11: =IF(D11="","",IFERROR(INDEX(PlanDen,MATCH(TRIM(IF(ISNUMBER(FIND(".",D11)),LEFT(D11,FIND(".",D11)-1),D11)),PlanCont,0)),IFERROR(INDEX(PlanDen,MATCH(LEFT(TRIM(IF(ISNUMBER(FIND(".",D11)),LEFT(D11,FIND(".",D11)-1),D11)),4),PlanCont,0)),IFERROR(INDEX(PlanDen,MATCH(LEFT(TRIM(IF(ISNUMBER(FIND(".",D11)),LEFT(D11,FIND(".",D11)-1),D11)),3),PlanCont,0)),"Cont inexistent în plan")))) -> Cheltuieli privind contribuția asiguratorie pentru muncă | I11: =IF(E11="","",IFERROR(INDEX(PlanDen,MATCH(TRIM(IF(ISNUMBER(FIND(".",E11)),LEFT(E11,FIND(".",E11)-1),E11)),PlanCont,0)),IFERROR(INDEX(PlanDen,MATCH(LEFT(TRIM(IF(ISNUMBER(FIND(".",E11)),LEFT(E11,FIND(".",E11)-1),E11)),4),PlanCont,0)),IFERROR(INDEX(PlanDen,MATCH(LEFT(TRIM(IF(ISNUMBER(FIND(".",E11)),LEFT(E11,FIND(".",E11)-1),E11)),3),PlanCont,0)),"Cont inexistent în plan")))) -> Contribuția asiguratorie pentru muncă | J11: =IF(B11="","",IFERROR(INDEX('Registru note'!$D$5:$D$504,MATCH(B11,'Registru note'!$B$5:$B$504,0)),"")) -> Închidere de lună | K11: =IF(AND(B11="",D11="",E11=""),"",TRIM(IF(ISNA(MATCH(B11,'Registru note'!$B$5:$B$504,0)),"Nota nu există în registru. ","")&IF(D11="","Lipsește contul debitor. ",IF(NOT(OR(ISNUMBER(MATCH(TRIM(IF(ISNUMBER(FIND(".",D11)),LEFT(D11,FIND(".",D11)-1),D11)),PlanCont,0)),ISNUMBER(MATCH(LEFT(TRIM(IF(ISNUMBER(FIND(".",D11)),LEFT(D11,FIND(".",D11)-1),D11)),4),PlanCont,0)),ISNUMBER(MATCH(LEFT(TRIM(IF(ISNUMBER(FIND(".",D11)),LEFT(D11,FIND(".",D11)-1),D11)),3),PlanCont,0)))),"Contul debitor nu există în plan. ",""))&IF(E11="","Lipsește contul creditor. ",IF(NOT(OR(ISNUMBER(MATCH(TRIM(IF(ISNUMBER(FIND(".",E11)),LEFT(E11,FIND(".",E11)-1),E11)),PlanCont,0)),ISNUMBER(MATCH(LEFT(TRIM(IF(ISNUMBER(FIND(".",E11)),LEFT(E11,FIND(".",E11)-1),E11)),4),PlanCont,0)),ISNUMBER(MATCH(LEFT(TRIM(IF(ISNUMBER(FIND(".",E11)),LEFT(E11,FIND(".",E11)-1),E11)),3),PlanCont,0)))),"Contul creditor nu există în plan. ",""))&IF(AND(D11<>"",TRIM(D11&"")=TRIM(E11&"")),"Același cont pe debit și credit. ","")&IF(N(F11)=0,"Lipsește suma. ","")&IF(AND(N(F11)<0,J11<>"Stornare"),"Sumă negativă într-o notă care nu e de stornare. ","")&IF(C11="","Lipsește explicația. ",""))) | L11: =IF(B11="","",B11&"|"&COUNTIF($B$5:B11,B11)) -> 2|5 | M11: =IF(OR(B11="",NOT(ISNUMBER(G11))),"",G11*100000+ROW()) -> 4632600011
B12: 3 | C12: Compensarea TVA deductibile cu TVA colectată | D12: 4427 | E12: 4426 | F12: 9800 | G12: =IF(B12="","",IFERROR(INDEX('Registru note'!$C$5:$C$504,MATCH(B12,'Registru note'!$B$5:$B$504,0)),"")) -> 46326 | H12: =IF(D12="","",IFERROR(INDEX(PlanDen,MATCH(TRIM(IF(ISNUMBER(FIND(".",D12)),LEFT(D12,FIND(".",D12)-1),D12)),PlanCont,0)),IFERROR(INDEX(PlanDen,MATCH(LEFT(TRIM(IF(ISNUMBER(FIND(".",D12)),LEFT(D12,FIND(".",D12)-1),D12)),4),PlanCont,0)),IFERROR(INDEX(PlanDen,MATCH(LEFT(TRIM(IF(ISNUMBER(FIND(".",D12)),LEFT(D12,FIND(".",D12)-1),D12)),3),PlanCont,0)),"Cont inexistent în plan")))) -> TVA colectată | I12: =IF(E12="","",IFERROR(INDEX(PlanDen,MATCH(TRIM(IF(ISNUMBER(FIND(".",E12)),LEFT(E12,FIND(".",E12)-1),E12)),PlanCont,0)),IFERROR(INDEX(PlanDen,MATCH(LEFT(TRIM(IF(ISNUMBER(FIND(".",E12)),LEFT(E12,FIND(".",E12)-1),E12)),4),PlanCont,0)),IFERROR(INDEX(PlanDen,MATCH(LEFT(TRIM(IF(ISNUMBER(FIND(".",E12)),LEFT(E12,FIND(".",E12)-1),E12)),3),PlanCont,0)),"Cont inexistent în plan")))) -> TVA deductibilă | J12: =IF(B12="","",IFERROR(INDEX('Registru note'!$D$5:$D$504,MATCH(B12,'Registru note'!$B$5:$B$504,0)),"")) -> Regularizare | K12: =IF(AND(B12="",D12="",E12=""),"",TRIM(IF(ISNA(MATCH(B12,'Registru note'!$B$5:$B$504,0)),"Nota nu există în registru. ","")&IF(D12="","Lipsește contul debitor. ",IF(NOT(OR(ISNUMBER(MATCH(TRIM(IF(ISNUMBER(FIND(".",D12)),LEFT(D12,FIND(".",D12)-1),D12)),PlanCont,0)),ISNUMBER(MATCH(LEFT(TRIM(IF(ISNUMBER(FIND(".",D12)),LEFT(D12,FIND(".",D12)-1),D12)),4),PlanCont,0)),ISNUMBER(MATCH(LEFT(TRIM(IF(ISNUMBER(FIND(".",D12)),LEFT(D12,FIND(".",D12)-1),D12)),3),PlanCont,0)))),"Contul debitor nu există în plan. ",""))&IF(E12="","Lipsește contul creditor. ",IF(NOT(OR(ISNUMBER(MATCH(TRIM(IF(ISNUMBER(FIND(".",E12)),LEFT(E12,FIND(".",E12)-1),E12)),PlanCont,0)),ISNUMBER(MATCH(LEFT(TRIM(IF(ISNUMBER(FIND(".",E12)),LEFT(E12,FIND(".",E12)-1),E12)),4),PlanCont,0)),ISNUMBER(MATCH(LEFT(TRIM(IF(ISNUMBER(FIND(".",E12)),LEFT(E12,FIND(".",E12)-1),E12)),3),PlanCont,0)))),"Contul creditor nu există în plan. ",""))&IF(AND(D12<>"",TRIM(D12&"")=TRIM(E12&"")),"Același cont pe debit și credit. ","")&IF(N(F12)=0,"Lipsește suma. ","")&IF(AND(N(F12)<0,J12<>"Stornare"),"Sumă negativă într-o notă care nu e de stornare. ","")&IF(C12="","Lipsește explicația. ",""))) | L12: =IF(B12="","",B12&"|"&COUNTIF($B$5:B12,B12)) -> 3|1 | M12: =IF(OR(B12="",NOT(ISNUMBER(G12))),"",G12*100000+ROW()) -> 4632600012
B13: 3 | C13: TVA de plată pentru octombrie | D13: 4427 | E13: 4423 | F13: 3100 | G13: =IF(B13="","",IFERROR(INDEX('Registru note'!$C$5:$C$504,MATCH(B13,'Registru note'!$B$5:$B$504,0)),"")) -> 46326 | H13: =IF(D13="","",IFERROR(INDEX(PlanDen,MATCH(TRIM(IF(ISNUMBER(FIND(".",D13)),LEFT(D13,FIND(".",D13)-1),D13)),PlanCont,0)),IFERROR(INDEX(PlanDen,MATCH(LEFT(TRIM(IF(ISNUMBER(FIND(".",D13)),LEFT(D13,FIND(".",D13)-1),D13)),4),PlanCont,0)),IFERROR(INDEX(PlanDen,MATCH(LEFT(TRIM(IF(ISNUMBER(FIND(".",D13)),LEFT(D13,FIND(".",D13)-1),D13)),3),PlanCont,0)),"Cont inexistent în plan")))) -> TVA colectată | I13: =IF(E13="","",IFERROR(INDEX(PlanDen,MATCH(TRIM(IF(ISNUMBER(FIND(".",E13)),LEFT(E13,FIND(".",E13)-1),E13)),PlanCont,0)),IFERROR(INDEX(PlanDen,MATCH(LEFT(TRIM(IF(ISNUMBER(FIND(".",E13)),LEFT(E13,FIND(".",E13)-1),E13)),4),PlanCont,0)),IFERROR(INDEX(PlanDen,MATCH(LEFT(TRIM(IF(ISNUMBER(FIND(".",E13)),LEFT(E13,FIND(".",E13)-1),E13)),3),PlanCont,0)),"Cont inexistent în plan")))) -> TVA de plată | J13: =IF(B13="","",IFERROR(INDEX('Registru note'!$D$5:$D$504,MATCH(B13,'Registru note'!$B$5:$B$504,0)),"")) -> Regularizare | K13: =IF(AND(B13="",D13="",E13=""),"",TRIM(IF(ISNA(MATCH(B13,'Registru note'!$B$5:$B$504,0)),"Nota nu există în registru. ","")&IF(D13="","Lipsește contul debitor. ",IF(NOT(OR(ISNUMBER(MATCH(TRIM(IF(ISNUMBER(FIND(".",D13)),LEFT(D13,FIND(".",D13)-1),D13)),PlanCont,0)),ISNUMBER(MATCH(LEFT(TRIM(IF(ISNUMBER(FIND(".",D13)),LEFT(D13,FIND(".",D13)-1),D13)),4),PlanCont,0)),ISNUMBER(MATCH(LEFT(TRIM(IF(ISNUMBER(FIND(".",D13)),LEFT(D13,FIND(".",D13)-1),D13)),3),PlanCont,0)))),"Contul debitor nu există în plan. ",""))&IF(E13="","Lipsește contul creditor. ",IF(NOT(OR(ISNUMBER(MATCH(TRIM(IF(ISNUMBER(FIND(".",E13)),LEFT(E13,FIND(".",E13)-1),E13)),PlanCont,0)),ISNUMBER(MATCH(LEFT(TRIM(IF(ISNUMBER(FIND(".",E13)),LEFT(E13,FIND(".",E13)-1),E13)),4),PlanCont,0)),ISNUMBER(MATCH(LEFT(TRIM(IF(ISNUMBER(FIND(".",E13)),LEFT(E13,FIND(".",E13)-1),E13)),3),PlanCont,0)))),"Contul creditor nu există în plan. ",""))&IF(AND(D13<>"",TRIM(D13&"")=TRIM(E13&"")),"Același cont pe debit și credit. ","")&IF(N(F13)=0,"Lipsește suma. ","")&IF(AND(N(F13)<0,J13<>"Stornare"),"Sumă negativă într-o notă care nu e de stornare. ","")&IF(C13="","Lipsește explicația. ",""))) | L13: =IF(B13="","",B13&"|"&COUNTIF($B$5:B13,B13)) -> 3|2 | M13: =IF(OR(B13="",NOT(ISNUMBER(G13))),"",G13*100000+ROW()) -> 4632600013
B14: 4 | C14: Lipsă de mărfuri constatată la inventar | D14: 607 | E14: 371 | F14: 400 | G14: =IF(B14="","",IFERROR(INDEX('Registru note'!$C$5:$C$504,MATCH(B14,'Registru note'!$B$5:$B$504,0)),"")) -> 46325 | H14: =IF(D14="","",IFERROR(INDEX(PlanDen,MATCH(TRIM(IF(ISNUMBER(FIND(".",D14)),LEFT(D14,FIND(".",D14)-1),D14)),PlanCont,0)),IFERROR(INDEX(PlanDen,MATCH(LEFT(TRIM(IF(ISNUMBER(FIND(".",D14)),LEFT(D14,FIND(".",D14)-1),D14)),4),PlanCont,0)),IFERROR(INDEX(PlanDen,MATCH(LEFT(TRIM(IF(ISNUMBER(FIND(".",D14)),LEFT(D14,FIND(".",D14)-1),D14)),3),PlanCont,0)),"Cont inexistent în plan")))) -> Cheltuieli privind mărfurile | I14: =IF(E14="","",IFERROR(INDEX(PlanDen,MATCH(TRIM(IF(ISNUMBER(FIND(".",E14)),LEFT(E14,FIND(".",E14)-1),E14)),PlanCont,0)),IFERROR(INDEX(PlanDen,MATCH(LEFT(TRIM(IF(ISNUMBER(FIND(".",E14)),LEFT(E14,FIND(".",E14)-1),E14)),4),PlanCont,0)),IFERROR(INDEX(PlanDen,MATCH(LEFT(TRIM(IF(ISNUMBER(FIND(".",E14)),LEFT(E14,FIND(".",E14)-1),E14)),3),PlanCont,0)),"Cont inexistent în plan")))) -> Mărfuri | J14: =IF(B14="","",IFERROR(INDEX('Registru note'!$D$5:$D$504,MATCH(B14,'Registru note'!$B$5:$B$504,0)),"")) -> Regularizare | K14: =IF(AND(B14="",D14="",E14=""),"",TRIM(IF(ISNA(MATCH(B14,'Registru note'!$B$5:$B$504,0)),"Nota nu există în registru. ","")&IF(D14="","Lipsește contul debitor. ",IF(NOT(OR(ISNUMBER(MATCH(TRIM(IF(ISNUMBER(FIND(".",D14)),LEFT(D14,FIND(".",D14)-1),D14)),PlanCont,0)),ISNUMBER(MATCH(LEFT(TRIM(IF(ISNUMBER(FIND(".",D14)),LEFT(D14,FIND(".",D14)-1),D14)),4),PlanCont,0)),ISNUMBER(MATCH(LEFT(TRIM(IF(ISNUMBER(FIND(".",D14)),LEFT(D14,FIND(".",D14)-1),D14)),3),PlanCont,0)))),"Contul debitor nu există în plan. ",""))&IF(E14="","Lipsește contul creditor. ",IF(NOT(OR(ISNUMBER(MATCH(TRIM(IF(ISNUMBER(FIND(".",E14)),LEFT(E14,FIND(".",E14)-1),E14)),PlanCont,0)),ISNUMBER(MATCH(LEFT(TRIM(IF(ISNUMBER(FIND(".",E14)),LEFT(E14,FIND(".",E14)-1),E14)),4),PlanCont,0)),ISNUMBER(MATCH(LEFT(TRIM(IF(ISNUMBER(FIND(".",E14)),LEFT(E14,FIND(".",E14)-1),E14)),3),PlanCont,0)))),"Contul creditor nu există în plan. ",""))&IF(AND(D14<>"",TRIM(D14&"")=TRIM(E14&"")),"Același cont pe debit și credit. ","")&IF(N(F14)=0,"Lipsește suma. ","")&IF(AND(N(F14)<0,J14<>"Stornare"),"Sumă negativă într-o notă care nu e de stornare. ","")&IF(C14="","Lipsește explicația. ",""))) | L14: =IF(B14="","",B14&"|"&COUNTIF($B$5:B14,B14)) -> 4|1 | M14: =IF(OR(B14="",NOT(ISNUMBER(G14))),"",G14*100000+ROW()) -> 4632500014
B15: 5 | C15: Cota lunară din asigurarea plătită în avans | D15: 613 | E15: 471 | F15: 300 | G15: =IF(B15="","",IFERROR(INDEX('Registru note'!$C$5:$C$504,MATCH(B15,'Registru note'!$B$5:$B$504,0)),"")) -> 46326 | H15: =IF(D15="","",IFERROR(INDEX(PlanDen,MATCH(TRIM(IF(ISNUMBER(FIND(".",D15)),LEFT(D15,FIND(".",D15)-1),D15)),PlanCont,0)),IFERROR(INDEX(PlanDen,MATCH(LEFT(TRIM(IF(ISNUMBER(FIND(".",D15)),LEFT(D15,FIND(".",D15)-1),D15)),4),PlanCont,0)),IFERROR(INDEX(PlanDen,MATCH(LEFT(TRIM(IF(ISNUMBER(FIND(".",D15)),LEFT(D15,FIND(".",D15)-1),D15)),3),PlanCont,0)),"Cont inexistent în plan")))) -> Cheltuieli cu primele de asigurare | I15: =IF(E15="","",IFERROR(INDEX(PlanDen,MATCH(TRIM(IF(ISNUMBER(FIND(".",E15)),LEFT(E15,FIND(".",E15)-1),E15)),PlanCont,0)),IFERROR(INDEX(PlanDen,MATCH(LEFT(TRIM(IF(ISNUMBER(FIND(".",E15)),LEFT(E15,FIND(".",E15)-1),E15)),4),PlanCont,0)),IFERROR(INDEX(PlanDen,MATCH(LEFT(TRIM(IF(ISNUMBER(FIND(".",E15)),LEFT(E15,FIND(".",E15)-1),E15)),3),PlanCont,0)),"Cont inexistent în plan")))) -> Cheltuieli înregistrate în avans | J15: =IF(B15="","",IFERROR(INDEX('Registru note'!$D$5:$D$504,MATCH(B15,'Registru note'!$B$5:$B$504,0)),"")) -> Închidere de lună | K15: =IF(AND(B15="",D15="",E15=""),"",TRIM(IF(ISNA(MATCH(B15,'Registru note'!$B$5:$B$504,0)),"Nota nu există în registru. ","")&IF(D15="","Lipsește contul debitor. ",IF(NOT(OR(ISNUMBER(MATCH(TRIM(IF(ISNUMBER(FIND(".",D15)),LEFT(D15,FIND(".",D15)-1),D15)),PlanCont,0)),ISNUMBER(MATCH(LEFT(TRIM(IF(ISNUMBER(FIND(".",D15)),LEFT(D15,FIND(".",D15)-1),D15)),4),PlanCont,0)),ISNUMBER(MATCH(LEFT(TRIM(IF(ISNUMBER(FIND(".",D15)),LEFT(D15,FIND(".",D15)-1),D15)),3),PlanCont,0)))),"Contul debitor nu există în plan. ",""))&IF(E15="","Lipsește contul creditor. ",IF(NOT(OR(ISNUMBER(MATCH(TRIM(IF(ISNUMBER(FIND(".",E15)),LEFT(E15,FIND(".",E15)-1),E15)),PlanCont,0)),ISNUMBER(MATCH(LEFT(TRIM(IF(ISNUMBER(FIND(".",E15)),LEFT(E15,FIND(".",E15)-1),E15)),4),PlanCont,0)),ISNUMBER(MATCH(LEFT(TRIM(IF(ISNUMBER(FIND(".",E15)),LEFT(E15,FIND(".",E15)-1),E15)),3),PlanCont,0)))),"Contul creditor nu există în plan. ",""))&IF(AND(D15<>"",TRIM(D15&"")=TRIM(E15&"")),"Același cont pe debit și credit. ","")&IF(N(F15)=0,"Lipsește suma. ","")&IF(AND(N(F15)<0,J15<>"Stornare"),"Sumă negativă într-o notă care nu e de stornare. ","")&IF(C15="","Lipsește explicația. ",""))) | L15: =IF(B15="","",B15&"|"&COUNTIF($B$5:B15,B15)) -> 5|1 | M15: =IF(OR(B15="",NOT(ISNUMBER(G15))),"",G15*100000+ROW()) -> 4632600015
B16: 6 | C16: Stornarea înregistrării facturii 778 pe contul 628 | D16: 628 | E16: 401 | F16: -1200 | G16: =IF(B16="","",IFERROR(INDEX('Registru note'!$C$5:$C$504,MATCH(B16,'Registru note'!$B$5:$B$504,0)),"")) -> 46322 | H16: =IF(D16="","",IFERROR(INDEX(PlanDen,MATCH(TRIM(IF(ISNUMBER(FIND(".",D16)),LEFT(D16,FIND(".",D16)-1),D16)),PlanCont,0)),IFERROR(INDEX(PlanDen,MATCH(LEFT(TRIM(IF(ISNUMBER(FIND(".",D16)),LEFT(D16,FIND(".",D16)-1),D16)),4),PlanCont,0)),IFERROR(INDEX(PlanDen,MATCH(LEFT(TRIM(IF(ISNUMBER(FIND(".",D16)),LEFT(D16,FIND(".",D16)-1),D16)),3),PlanCont,0)),"Cont inexistent în plan")))) -> Alte cheltuieli cu serviciile executate de terți | I16: =IF(E16="","",IFERROR(INDEX(PlanDen,MATCH(TRIM(IF(ISNUMBER(FIND(".",E16)),LEFT(E16,FIND(".",E16)-1),E16)),PlanCont,0)),IFERROR(INDEX(PlanDen,MATCH(LEFT(TRIM(IF(ISNUMBER(FIND(".",E16)),LEFT(E16,FIND(".",E16)-1),E16)),4),PlanCont,0)),IFERROR(INDEX(PlanDen,MATCH(LEFT(TRIM(IF(ISNUMBER(FIND(".",E16)),LEFT(E16,FIND(".",E16)-1),E16)),3),PlanCont,0)),"Cont inexistent în plan")))) -> Furnizori | J16: =IF(B16="","",IFERROR(INDEX('Registru note'!$D$5:$D$504,MATCH(B16,'Registru note'!$B$5:$B$504,0)),"")) -> Stornare | K16: =IF(AND(B16="",D16="",E16=""),"",TRIM(IF(ISNA(MATCH(B16,'Registru note'!$B$5:$B$504,0)),"Nota nu există în registru. ","")&IF(D16="","Lipsește contul debitor. ",IF(NOT(OR(ISNUMBER(MATCH(TRIM(IF(ISNUMBER(FIND(".",D16)),LEFT(D16,FIND(".",D16)-1),D16)),PlanCont,0)),ISNUMBER(MATCH(LEFT(TRIM(IF(ISNUMBER(FIND(".",D16)),LEFT(D16,FIND(".",D16)-1),D16)),4),PlanCont,0)),ISNUMBER(MATCH(LEFT(TRIM(IF(ISNUMBER(FIND(".",D16)),LEFT(D16,FIND(".",D16)-1),D16)),3),PlanCont,0)))),"Contul debitor nu există în plan. ",""))&IF(E16="","Lipsește contul creditor. ",IF(NOT(OR(ISNUMBER(MATCH(TRIM(IF(ISNUMBER(FIND(".",E16)),LEFT(E16,FIND(".",E16)-1),E16)),PlanCont,0)),ISNUMBER(MATCH(LEFT(TRIM(IF(ISNUMBER(FIND(".",E16)),LEFT(E16,FIND(".",E16)-1),E16)),4),PlanCont,0)),ISNUMBER(MATCH(LEFT(TRIM(IF(ISNUMBER(FIND(".",E16)),LEFT(E16,FIND(".",E16)-1),E16)),3),PlanCont,0)))),"Contul creditor nu există în plan. ",""))&IF(AND(D16<>"",TRIM(D16&"")=TRIM(E16&"")),"Același cont pe debit și credit. ","")&IF(N(F16)=0,"Lipsește suma. ","")&IF(AND(N(F16)<0,J16<>"Stornare"),"Sumă negativă într-o notă care nu e de stornare. ","")&IF(C16="","Lipsește explicația. ",""))) | L16: =IF(B16="","",B16&"|"&COUNTIF($B$5:B16,B16)) -> 6|1 | M16: =IF(OR(B16="",NOT(ISNUMBER(G16))),"",G16*100000+ROW()) -> 4632200016
... B18: 8 | C18: Compensare datorie – creanță Electro Plus SRL | D18: 401 | E18: 4111 | F18: 2500 | G18: =IF(B18="","",IFERROR(INDEX('Registru note'!$C$5:$C$504,MATCH(B18,'Registru note'!$B$5:$B$504,0)),"")) -> 46326 | H18: =IF(D18="","",IFERROR(INDEX(PlanDen,MATCH(TRIM(IF(ISNUMBER(FIND(".",D18)),LEFT(D18,FIND(".",D18)-1),D18)),PlanCont,0)),IFERROR(INDEX(PlanDen,MATCH(LEFT(TRIM(IF(ISNUMBER(FIND(".",D18)),LEFT(D18,FIND(".",D18)-1),D18)),4),PlanCont,0)),IFERROR(INDEX(PlanDen,MATCH(LEFT(TRIM(IF(ISNUMBER(FIND(".",D18)),LEFT(D18,FIND(".",D18)-1),D18)),3),PlanCont,0)),"Cont inexistent în plan")))) -> Furnizori | I18: =IF(E18="","",IFERROR(INDEX(PlanDen,MATCH(TRIM(IF(ISNUMBER(FIND(".",E18)),LEFT(E18,FIND(".",E18)-1),E18)),PlanCont,0)),IFERROR(INDEX(PlanDen,MATCH(LEFT(TRIM(IF(ISNUMBER(FIND(".",E18)),LEFT(E18,FIND(".",E18)-1),E18)),4),PlanCont,0)),IFERROR(INDEX(PlanDen,MATCH(LEFT(TRIM(IF(ISNUMBER(FIND(".",E18)),LEFT(E18,FIND(".",E18)-1),E18)),3),PlanCont,0)),"Cont inexistent în plan")))) -> Clienți | J18: =IF(B18="","",IFERROR(INDEX('Registru note'!$D$5:$D$504,MATCH(B18,'Registru note'!$B$5:$B$504,0)),"")) -> Compensare | K18: =IF(AND(B18="",D18="",E18=""),"",TRIM(IF(ISNA(MATCH(B18,'Registru note'!$B$5:$B$504,0)),"Nota nu există în registru. ","")&IF(D18="","Lipsește contul debitor. ",IF(NOT(OR(ISNUMBER(MATCH(TRIM(IF(ISNUMBER(FIND(".",D18)),LEFT(D18,FIND(".",D18)-1),D18)),PlanCont,0)),ISNUMBER(MATCH(LEFT(TRIM(IF(ISNUMBER(FIND(".",D18)),LEFT(D18,FIND(".",D18)-1),D18)),4),PlanCont,0)),ISNUMBER(MATCH(LEFT(TRIM(IF(ISNUMBER(FIND(".",D18)),LEFT(D18,FIND(".",D18)-1),D18)),3),PlanCont,0)))),"Contul debitor nu există în plan. ",""))&IF(E18="","Lipsește contul creditor. ",IF(NOT(OR(ISNUMBER(MATCH(TRIM(IF(ISNUMBER(FIND(".",E18)),LEFT(E18,FIND(".",E18)-1),E18)),PlanCont,0)),ISNUMBER(MATCH(LEFT(TRIM(IF(ISNUMBER(FIND(".",E18)),LEFT(E18,FIND(".",E18)-1),E18)),4),PlanCont,0)),ISNUMBER(MATCH(LEFT(TRIM(IF(ISNUMBER(FIND(".",E18)),LEFT(E18,FIND(".",E18)-1),E18)),3),PlanCont,0)))),"Contul creditor nu există în plan. ",""))&IF(AND(D18<>"",TRIM(D18&"")=TRIM(E18&"")),"Același cont pe debit și credit. ","")&IF(N(F18)=0,"Lipsește suma. ","")&IF(AND(N(F18)<0,J18<>"Stornare"),"Sumă negativă într-o notă care nu e de stornare. ","")&IF(C18="","Lipsește explicația. ",""))) | L18: =IF(B18="","",B18&"|"&COUNTIF($B$5:B18,B18)) -> 8|1 | M18: =IF(OR(B18="",NOT(ISNUMBER(G18))),"",G18*100000+ROW()) -> 4632600018
G19: =IF(B19="","",IFERROR(INDEX('Registru note'!$C$5:$C$504,MATCH(B19,'Registru note'!$B$5:$B$504,0)),"")) | H19: =IF(D19="","",IFERROR(INDEX(PlanDen,MATCH(TRIM(IF(ISNUMBER(FIND(".",D19)),LEFT(D19,FIND(".",D19)-1),D19)),PlanCont,0)),IFERROR(INDEX(PlanDen,MATCH(LEFT(TRIM(IF(ISNUMBER(FIND(".",D19)),LEFT(D19,FIND(".",D19)-1),D19)),4),PlanCont,0)),IFERROR(INDEX(PlanDen,MATCH(LEFT(TRIM(IF(ISNUMBER(FIND(".",D19)),LEFT(D19,FIND(".",D19)-1),D19)),3),PlanCont,0)),"Cont inexistent în plan")))) | I19: =IF(E19="","",IFERROR(INDEX(PlanDen,MATCH(TRIM(IF(ISNUMBER(FIND(".",E19)),LEFT(E19,FIND(".",E19)-1),E19)),PlanCont,0)),IFERROR(INDEX(PlanDen,MATCH(LEFT(TRIM(IF(ISNUMBER(FIND(".",E19)),LEFT(E19,FIND(".",E19)-1),E19)),4),PlanCont,0)),IFERROR(INDEX(PlanDen,MATCH(LEFT(TRIM(IF(ISNUMBER(FIND(".",E19)),LEFT(E19,FIND(".",E19)-1),E19)),3),PlanCont,0)),"Cont inexistent în plan")))) | J19: =IF(B19="","",IFERROR(INDEX('Registru note'!$D$5:$D$504,MATCH(B19,'Registru note'!$B$5:$B$504,0)),"")) | K19: =IF(AND(B19="",D19="",E19=""),"",TRIM(IF(ISNA(MATCH(B19,'Registru note'!$B$5:$B$504,0)),"Nota nu există în registru. ","")&IF(D19="","Lipsește contul debitor. ",IF(NOT(OR(ISNUMBER(MATCH(TRIM(IF(ISNUMBER(FIND(".",D19)),LEFT(D19,FIND(".",D19)-1),D19)),PlanCont,0)),ISNUMBER(MATCH(LEFT(TRIM(IF(ISNUMBER(FIND(".",D19)),LEFT(D19,FIND(".",D19)-1),D19)),4),PlanCont,0)),ISNUMBER(MATCH(LEFT(TRIM(IF(ISNUMBER(FIND(".",D19)),LEFT(D19,FIND(".",D19)-1),D19)),3),PlanCont,0)))),"Contul debitor nu există în plan. ",""))&IF(E19="","Lipsește contul creditor. ",IF(NOT(OR(ISNUMBER(MATCH(TRIM(IF(ISNUMBER(FIND(".",E19)),LEFT(E19,FIND(".",E19)-1),E19)),PlanCont,0)),ISNUMBER(MATCH(LEFT(TRIM(IF(ISNUMBER(FIND(".",E19)),LEFT(E19,FIND(".",E19)-1),E19)),4),PlanCont,0)),ISNUMBER(MATCH(LEFT(TRIM(IF(ISNUMBER(FIND(".",E19)),LEFT(E19,FIND(".",E19)-1),E19)),3),PlanCont,0)))),"Contul creditor nu există în plan. ",""))&IF(AND(D19<>"",TRIM(D19&"")=TRIM(E19&"")),"Același cont pe debit și credit. ","")&IF(N(F19)=0,"Lipsește suma. ","")&IF(AND(N(F19)<0,J19<>"Stornare"),"Sumă negativă într-o notă care nu e de stornare. ","")&IF(C19="","Lipsește explicația. ",""))) | L19: =IF(B19="","",B19&"|"&COUNTIF($B$5:B19,B19)) | M19: =IF(OR(B19="",NOT(ISNUMBER(G19))),"",G19*100000+ROW())
G20: =IF(B20="","",IFERROR(INDEX('Registru note'!$C$5:$C$504,MATCH(B20,'Registru note'!$B$5:$B$504,0)),"")) | H20: =IF(D20="","",IFERROR(INDEX(PlanDen,MATCH(TRIM(IF(ISNUMBER(FIND(".",D20)),LEFT(D20,FIND(".",D20)-1),D20)),PlanCont,0)),IFERROR(INDEX(PlanDen,MATCH(LEFT(TRIM(IF(ISNUMBER(FIND(".",D20)),LEFT(D20,FIND(".",D20)-1),D20)),4),PlanCont,0)),IFERROR(INDEX(PlanDen,MATCH(LEFT(TRIM(IF(ISNUMBER(FIND(".",D20)),LEFT(D20,FIND(".",D20)-1),D20)),3),PlanCont,0)),"Cont inexistent în plan")))) | I20: =IF(E20="","",IFERROR(INDEX(PlanDen,MATCH(TRIM(IF(ISNUMBER(FIND(".",E20)),LEFT(E20,FIND(".",E20)-1),E20)),PlanCont,0)),IFERROR(INDEX(PlanDen,MATCH(LEFT(TRIM(IF(ISNUMBER(FIND(".",E20)),LEFT(E20,FIND(".",E20)-1),E20)),4),PlanCont,0)),IFERROR(INDEX(PlanDen,MATCH(LEFT(TRIM(IF(ISNUMBER(FIND(".",E20)),LEFT(E20,FIND(".",E20)-1),E20)),3),PlanCont,0)),"Cont inexistent în plan")))) | J20: =IF(B20="","",IFERROR(INDEX('Registru note'!$D$5:$D$504,MATCH(B20,'Registru note'!$B$5:$B$504,0)),"")) | K20: =IF(AND(B20="",D20="",E20=""),"",TRIM(IF(ISNA(MATCH(B20,'Registru note'!$B$5:$B$504,0)),"Nota nu există în registru. ","")&IF(D20="","Lipsește contul debitor. ",IF(NOT(OR(ISNUMBER(MATCH(TRIM(IF(ISNUMBER(FIND(".",D20)),LEFT(D20,FIND(".",D20)-1),D20)),PlanCont,0)),ISNUMBER(MATCH(LEFT(TRIM(IF(ISNUMBER(FIND(".",D20)),LEFT(D20,FIND(".",D20)-1),D20)),4),PlanCont,0)),ISNUMBER(MATCH(LEFT(TRIM(IF(ISNUMBER(FIND(".",D20)),LEFT(D20,FIND(".",D20)-1),D20)),3),PlanCont,0)))),"Contul debitor nu există în plan. ",""))&IF(E20="","Lipsește contul creditor. ",IF(NOT(OR(ISNUMBER(MATCH(TRIM(IF(ISNUMBER(FIND(".",E20)),LEFT(E20,FIND(".",E20)-1),E20)),PlanCont,0)),ISNUMBER(MATCH(LEFT(TRIM(IF(ISNUMBER(FIND(".",E20)),LEFT(E20,FIND(".",E20)-1),E20)),4),PlanCont,0)),ISNUMBER(MATCH(LEFT(TRIM(IF(ISNUMBER(FIND(".",E20)),LEFT(E20,FIND(".",E20)-1),E20)),3),PlanCont,0)))),"Contul creditor nu există în plan. ",""))&IF(AND(D20<>"",TRIM(D20&"")=TRIM(E20&"")),"Același cont pe debit și credit. ","")&IF(N(F20)=0,"Lipsește suma. ","")&IF(AND(N(F20)<0,J20<>"Stornare"),"Sumă negativă într-o notă care nu e de stornare. ","")&IF(C20="","Lipsește explicația. ",""))) | L20: =IF(B20="","",B20&"|"&COUNTIF($B$5:B20,B20)) | M20: =IF(OR(B20="",NOT(ISNUMBER(G20))),"",G20*100000+ROW())
G21: =IF(B21="","",IFERROR(INDEX('Registru note'!$C$5:$C$504,MATCH(B21,'Registru note'!$B$5:$B$504,0)),"")) | H21: =IF(D21="","",IFERROR(INDEX(PlanDen,MATCH(TRIM(IF(ISNUMBER(FIND(".",D21)),LEFT(D21,FIND(".",D21)-1),D21)),PlanCont,0)),IFERROR(INDEX(PlanDen,MATCH(LEFT(TRIM(IF(ISNUMBER(FIND(".",D21)),LEFT(D21,FIND(".",D21)-1),D21)),4),PlanCont,0)),IFERROR(INDEX(PlanDen,MATCH(LEFT(TRIM(IF(ISNUMBER(FIND(".",D21)),LEFT(D21,FIND(".",D21)-1),D21)),3),PlanCont,0)),"Cont inexistent în plan")))) | I21: =IF(E21="","",IFERROR(INDEX(PlanDen,MATCH(TRIM(IF(ISNUMBER(FIND(".",E21)),LEFT(E21,FIND(".",E21)-1),E21)),PlanCont,0)),IFERROR(INDEX(PlanDen,MATCH(LEFT(TRIM(IF(ISNUMBER(FIND(".",E21)),LEFT(E21,FIND(".",E21)-1),E21)),4),PlanCont,0)),IFERROR(INDEX(PlanDen,MATCH(LEFT(TRIM(IF(ISNUMBER(FIND(".",E21)),LEFT(E21,FIND(".",E21)-1),E21)),3),PlanCont,0)),"Cont inexistent în plan")))) | J21: =IF(B21="","",IFERROR(INDEX('Registru note'!$D$5:$D$504,MATCH(B21,'Registru note'!$B$5:$B$504,0)),"")) | K21: =IF(AND(B21="",D21="",E21=""),"",TRIM(IF(ISNA(MATCH(B21,'Registru note'!$B$5:$B$504,0)),"Nota nu există în registru. ","")&IF(D21="","Lipsește contul debitor. ",IF(NOT(OR(ISNUMBER(MATCH(TRIM(IF(ISNUMBER(FIND(".",D21)),LEFT(D21,FIND(".",D21)-1),D21)),PlanCont,0)),ISNUMBER(MATCH(LEFT(TRIM(IF(ISNUMBER(FIND(".",D21)),LEFT(D21,FIND(".",D21)-1),D21)),4),PlanCont,0)),ISNUMBER(MATCH(LEFT(TRIM(IF(ISNUMBER(FIND(".",D21)),LEFT(D21,FIND(".",D21)-1),D21)),3),PlanCont,0)))),"Contul debitor nu există în plan. ",""))&IF(E21="","Lipsește contul creditor. ",IF(NOT(OR(ISNUMBER(MATCH(TRIM(IF(ISNUMBER(FIND(".",E21)),LEFT(E21,FIND(".",E21)-1),E21)),PlanCont,0)),ISNUMBER(MATCH(LEFT(TRIM(IF(ISNUMBER(FIND(".",E21)),LEFT(E21,FIND(".",E21)-1),E21)),4),PlanCont,0)),ISNUMBER(MATCH(LEFT(TRIM(IF(ISNUMBER(FIND(".",E21)),LEFT(E21,FIND(".",E21)-1),E21)),3),PlanCont,0)))),"Contul creditor nu există în plan. ",""))&IF(AND(D21<>"",TRIM(D21&"")=TRIM(E21&"")),"Același cont pe debit și credit. ","")&IF(N(F21)=0,"Lipsește suma. ","")&IF(AND(N(F21)<0,J21<>"Stornare"),"Sumă negativă într-o notă care nu e de stornare. ","")&IF(C21="","Lipsește explicația. ",""))) | L21: =IF(B21="","",B21&"|"&COUNTIF($B$5:B21,B21)) | M21: =IF(OR(B21="",NOT(ISNUMBER(G21))),"",G21*100000+ROW())
G22: =IF(B22="","",IFERROR(INDEX('Registru note'!$C$5:$C$504,MATCH(B22,'Registru note'!$B$5:$B$504,0)),"")) | H22: =IF(D22="","",IFERROR(INDEX(PlanDen,MATCH(TRIM(IF(ISNUMBER(FIND(".",D22)),LEFT(D22,FIND(".",D22)-1),D22)),PlanCont,0)),IFERROR(INDEX(PlanDen,MATCH(LEFT(TRIM(IF(ISNUMBER(FIND(".",D22)),LEFT(D22,FIND(".",D22)-1),D22)),4),PlanCont,0)),IFERROR(INDEX(PlanDen,MATCH(LEFT(TRIM(IF(ISNUMBER(FIND(".",D22)),LEFT(D22,FIND(".",D22)-1),D22)),3),PlanCont,0)),"Cont inexistent în plan")))) | I22: =IF(E22="","",IFERROR(INDEX(PlanDen,MATCH(TRIM(IF(ISNUMBER(FIND(".",E22)),LEFT(E22,FIND(".",E22)-1),E22)),PlanCont,0)),IFERROR(INDEX(PlanDen,MATCH(LEFT(TRIM(IF(ISNUMBER(FIND(".",E22)),LEFT(E22,FIND(".",E22)-1),E22)),4),PlanCont,0)),IFERROR(INDEX(PlanDen,MATCH(LEFT(TRIM(IF(ISNUMBER(FIND(".",E22)),LEFT(E22,FIND(".",E22)-1),E22)),3),PlanCont,0)),"Cont inexistent în plan")))) | J22: =IF(B22="","",IFERROR(INDEX('Registru note'!$D$5:$D$504,MATCH(B22,'Registru note'!$B$5:$B$504,0)),"")) | K22: =IF(AND(B22="",D22="",E22=""),"",TRIM(IF(ISNA(MATCH(B22,'Registru note'!$B$5:$B$504,0)),"Nota nu există în registru. ","")&IF(D22="","Lipsește contul debitor. ",IF(NOT(OR(ISNUMBER(MATCH(TRIM(IF(ISNUMBER(FIND(".",D22)),LEFT(D22,FIND(".",D22)-1),D22)),PlanCont,0)),ISNUMBER(MATCH(LEFT(TRIM(IF(ISNUMBER(FIND(".",D22)),LEFT(D22,FIND(".",D22)-1),D22)),4),PlanCont,0)),ISNUMBER(MATCH(LEFT(TRIM(IF(ISNUMBER(FIND(".",D22)),LEFT(D22,FIND(".",D22)-1),D22)),3),PlanCont,0)))),"Contul debitor nu există în plan. ",""))&IF(E22="","Lipsește contul creditor. ",IF(NOT(OR(ISNUMBER(MATCH(TRIM(IF(ISNUMBER(FIND(".",E22)),LEFT(E22,FIND(".",E22)-1),E22)),PlanCont,0)),ISNUMBER(MATCH(LEFT(TRIM(IF(ISNUMBER(FIND(".",E22)),LEFT(E22,FIND(".",E22)-1),E22)),4),PlanCont,0)),ISNUMBER(MATCH(LEFT(TRIM(IF(ISNUMBER(FIND(".",E22)),LEFT(E22,FIND(".",E22)-1),E22)),3),PlanCont,0)))),"Contul creditor nu există în plan. ",""))&IF(AND(D22<>"",TRIM(D22&"")=TRIM(E22&"")),"Același cont pe debit și credit. ","")&IF(N(F22)=0,"Lipsește suma. ","")&IF(AND(N(F22)<0,J22<>"Stornare"),"Sumă negativă într-o notă care nu e de stornare. ","")&IF(C22="","Lipsește explicația. ",""))) | L22: =IF(B22="","",B22&"|"&COUNTIF($B$5:B22,B22)) | M22: =IF(OR(B22="",NOT(ISNUMBER(G22))),"",G22*100000+ROW())
G23: =IF(B23="","",IFERROR(INDEX('Registru note'!$C$5:$C$504,MATCH(B23,'Registru note'!$B$5:$B$504,0)),"")) | H23: =IF(D23="","",IFERROR(INDEX(PlanDen,MATCH(TRIM(IF(ISNUMBER(FIND(".",D23)),LEFT(D23,FIND(".",D23)-1),D23)),PlanCont,0)),IFERROR(INDEX(PlanDen,MATCH(LEFT(TRIM(IF(ISNUMBER(FIND(".",D23)),LEFT(D23,FIND(".",D23)-1),D23)),4),PlanCont,0)),IFERROR(INDEX(PlanDen,MATCH(LEFT(TRIM(IF(ISNUMBER(FIND(".",D23)),LEFT(D23,FIND(".",D23)-1),D23)),3),PlanCont,0)),"Cont inexistent în plan")))) | I23: =IF(E23="","",IFERROR(INDEX(PlanDen,MATCH(TRIM(IF(ISNUMBER(FIND(".",E23)),LEFT(E23,FIND(".",E23)-1),E23)),PlanCont,0)),IFERROR(INDEX(PlanDen,MATCH(LEFT(TRIM(IF(ISNUMBER(FIND(".",E23)),LEFT(E23,FIND(".",E23)-1),E23)),4),PlanCont,0)),IFERROR(INDEX(PlanDen,MATCH(LEFT(TRIM(IF(ISNUMBER(FIND(".",E23)),LEFT(E23,FIND(".",E23)-1),E23)),3),PlanCont,0)),"Cont inexistent în plan")))) | J23: =IF(B23="","",IFERROR(INDEX('Registru note'!$D$5:$D$504,MATCH(B23,'Registru note'!$B$5:$B$504,0)),"")) | K23: =IF(AND(B23="",D23="",E23=""),"",TRIM(IF(ISNA(MATCH(B23,'Registru note'!$B$5:$B$504,0)),"Nota nu există în registru. ","")&IF(D23="","Lipsește contul debitor. ",IF(NOT(OR(ISNUMBER(MATCH(TRIM(IF(ISNUMBER(FIND(".",D23)),LEFT(D23,FIND(".",D23)-1),D23)),PlanCont,0)),ISNUMBER(MATCH(LEFT(TRIM(IF(ISNUMBER(FIND(".",D23)),LEFT(D23,FIND(".",D23)-1),D23)),4),PlanCont,0)),ISNUMBER(MATCH(LEFT(TRIM(IF(ISNUMBER(FIND(".",D23)),LEFT(D23,FIND(".",D23)-1),D23)),3),PlanCont,0)))),"Contul debitor nu există în plan. ",""))&IF(E23="","Lipsește contul creditor. ",IF(NOT(OR(ISNUMBER(MATCH(TRIM(IF(ISNUMBER(FIND(".",E23)),LEFT(E23,FIND(".",E23)-1),E23)),PlanCont,0)),ISNUMBER(MATCH(LEFT(TRIM(IF(ISNUMBER(FIND(".",E23)),LEFT(E23,FIND(".",E23)-1),E23)),4),PlanCont,0)),ISNUMBER(MATCH(LEFT(TRIM(IF(ISNUMBER(FIND(".",E23)),LEFT(E23,FIND(".",E23)-1),E23)),3),PlanCont,0)))),"Contul creditor nu există în plan. ",""))&IF(AND(D23<>"",TRIM(D23&"")=TRIM(E23&"")),"Același cont pe debit și credit. ","")&IF(N(F23)=0,"Lipsește suma. ","")&IF(AND(N(F23)<0,J23<>"Stornare"),"Sumă negativă într-o notă care nu e de stornare. ","")&IF(C23="","Lipsește explicația. ",""))) | L23: =IF(B23="","",B23&"|"&COUNTIF($B$5:B23,B23)) | M23: =IF(OR(B23="",NOT(ISNUMBER(G23))),"",G23*100000+ROW())
G24: =IF(B24="","",IFERROR(INDEX('Registru note'!$C$5:$C$504,MATCH(B24,'Registru note'!$B$5:$B$504,0)),"")) | H24: =IF(D24="","",IFERROR(INDEX(PlanDen,MATCH(TRIM(IF(ISNUMBER(FIND(".",D24)),LEFT(D24,FIND(".",D24)-1),D24)),PlanCont,0)),IFERROR(INDEX(PlanDen,MATCH(LEFT(TRIM(IF(ISNUMBER(FIND(".",D24)),LEFT(D24,FIND(".",D24)-1),D24)),4),PlanCont,0)),IFERROR(INDEX(PlanDen,MATCH(LEFT(TRIM(IF(ISNUMBER(FIND(".",D24)),LEFT(D24,FIND(".",D24)-1),D24)),3),PlanCont,0)),"Cont inexistent în plan")))) | I24: =IF(E24="","",IFERROR(INDEX(PlanDen,MATCH(TRIM(IF(ISNUMBER(FIND(".",E24)),LEFT(E24,FIND(".",E24)-1),E24)),PlanCont,0)),IFERROR(INDEX(PlanDen,MATCH(LEFT(TRIM(IF(ISNUMBER(FIND(".",E24)),LEFT(E24,FIND(".",E24)-1),E24)),4),PlanCont,0)),IFERROR(INDEX(PlanDen,MATCH(LEFT(TRIM(IF(ISNUMBER(FIND(".",E24)),LEFT(E24,FIND(".",E24)-1),E24)),3),PlanCont,0)),"Cont inexistent în plan")))) | J24: =IF(B24="","",IFERROR(INDEX('Registru note'!$D$5:$D$504,MATCH(B24,'Registru note'!$B$5:$B$504,0)),"")) | K24: =IF(AND(B24="",D24="",E24=""),"",TRIM(IF(ISNA(MATCH(B24,'Registru note'!$B$5:$B$504,0)),"Nota nu există în registru. ","")&IF(D24="","Lipsește contul debitor. ",IF(NOT(OR(ISNUMBER(MATCH(TRIM(IF(ISNUMBER(FIND(".",D24)),LEFT(D24,FIND(".",D24)-1),D24)),PlanCont,0)),ISNUMBER(MATCH(LEFT(TRIM(IF(ISNUMBER(FIND(".",D24)),LEFT(D24,FIND(".",D24)-1),D24)),4),PlanCont,0)),ISNUMBER(MATCH(LEFT(TRIM(IF(ISNUMBER(FIND(".",D24)),LEFT(D24,FIND(".",D24)-1),D24)),3),PlanCont,0)))),"Contul debitor nu există în plan. ",""))&IF(E24="","Lipsește contul creditor. ",IF(NOT(OR(ISNUMBER(MATCH(TRIM(IF(ISNUMBER(FIND(".",E24)),LEFT(E24,FIND(".",E24)-1),E24)),PlanCont,0)),ISNUMBER(MATCH(LEFT(TRIM(IF(ISNUMBER(FIND(".",E24)),LEFT(E24,FIND(".",E24)-1),E24)),4),PlanCont,0)),ISNUMBER(MATCH(LEFT(TRIM(IF(ISNUMBER(FIND(".",E24)),LEFT(E24,FIND(".",E24)-1),E24)),3),PlanCont,0)))),"Contul creditor nu există în plan. ",""))&IF(AND(D24<>"",TRIM(D24&"")=TRIM(E24&"")),"Același cont pe debit și credit. ","")&IF(N(F24)=0,"Lipsește suma. ","")&IF(AND(N(F24)<0,J24<>"Stornare"),"Sumă negativă într-o notă care nu e de stornare. ","")&IF(C24="","Lipsește explicația. ",""))) | L24: =IF(B24="","",B24&"|"&COUNTIF($B$5:B24,B24)) | M24: =IF(OR(B24="",NOT(ISNUMBER(G24))),"",G24*100000+ROW())
G25: =IF(B25="","",IFERROR(INDEX('Registru note'!$C$5:$C$504,MATCH(B25,'Registru note'!$B$5:$B$504,0)),"")) | H25: =IF(D25="","",IFERROR(INDEX(PlanDen,MATCH(TRIM(IF(ISNUMBER(FIND(".",D25)),LEFT(D25,FIND(".",D25)-1),D25)),PlanCont,0)),IFERROR(INDEX(PlanDen,MATCH(LEFT(TRIM(IF(ISNUMBER(FIND(".",D25)),LEFT(D25,FIND(".",D25)-1),D25)),4),PlanCont,0)),IFERROR(INDEX(PlanDen,MATCH(LEFT(TRIM(IF(ISNUMBER(FIND(".",D25)),LEFT(D25,FIND(".",D25)-1),D25)),3),PlanCont,0)),"Cont inexistent în plan")))) | I25: =IF(E25="","",IFERROR(INDEX(PlanDen,MATCH(TRIM(IF(ISNUMBER(FIND(".",E25)),LEFT(E25,FIND(".",E25)-1),E25)),PlanCont,0)),IFERROR(INDEX(PlanDen,MATCH(LEFT(TRIM(IF(ISNUMBER(FIND(".",E25)),LEFT(E25,FIND(".",E25)-1),E25)),4),PlanCont,0)),IFERROR(INDEX(PlanDen,MATCH(LEFT(TRIM(IF(ISNUMBER(FIND(".",E25)),LEFT(E25,FIND(".",E25)-1),E25)),3),PlanCont,0)),"Cont inexistent în plan")))) | J25: =IF(B25="","",IFERROR(INDEX('Registru note'!$D$5:$D$504,MATCH(B25,'Registru note'!$B$5:$B$504,0)),"")) | K25: =IF(AND(B25="",D25="",E25=""),"",TRIM(IF(ISNA(MATCH(B25,'Registru note'!$B$5:$B$504,0)),"Nota nu există în registru. ","")&IF(D25="","Lipsește contul debitor. ",IF(NOT(OR(ISNUMBER(MATCH(TRIM(IF(ISNUMBER(FIND(".",D25)),LEFT(D25,FIND(".",D25)-1),D25)),PlanCont,0)),ISNUMBER(MATCH(LEFT(TRIM(IF(ISNUMBER(FIND(".",D25)),LEFT(D25,FIND(".",D25)-1),D25)),4),PlanCont,0)),ISNUMBER(MATCH(LEFT(TRIM(IF(ISNUMBER(FIND(".",D25)),LEFT(D25,FIND(".",D25)-1),D25)),3),PlanCont,0)))),"Contul debitor nu există în plan. ",""))&IF(E25="","Lipsește contul creditor. ",IF(NOT(OR(ISNUMBER(MATCH(TRIM(IF(ISNUMBER(FIND(".",E25)),LEFT(E25,FIND(".",E25)-1),E25)),PlanCont,0)),ISNUMBER(MATCH(LEFT(TRIM(IF(ISNUMBER(FIND(".",E25)),LEFT(E25,FIND(".",E25)-1),E25)),4),PlanCont,0)),ISNUMBER(MATCH(LEFT(TRIM(IF(ISNUMBER(FIND(".",E25)),LEFT(E25,FIND(".",E25)-1),E25)),3),PlanCont,0)))),"Contul creditor nu există în plan. ",""))&IF(AND(D25<>"",TRIM(D25&"")=TRIM(E25&"")),"Același cont pe debit și credit. ","")&IF(N(F25)=0,"Lipsește suma. ","")&IF(AND(N(F25)<0,J25<>"Stornare"),"Sumă negativă într-o notă care nu e de stornare. ","")&IF(C25="","Lipsește explicația. ",""))) | L25: =IF(B25="","",B25&"|"&COUNTIF($B$5:B25,B25)) | M25: =IF(OR(B25="",NOT(ISNUMBER(G25))),"",G25*100000+ROW())
G26: =IF(B26="","",IFERROR(INDEX('Registru note'!$C$5:$C$504,MATCH(B26,'Registru note'!$B$5:$B$504,0)),"")) | H26: =IF(D26="","",IFERROR(INDEX(PlanDen,MATCH(TRIM(IF(ISNUMBER(FIND(".",D26)),LEFT(D26,FIND(".",D26)-1),D26)),PlanCont,0)),IFERROR(INDEX(PlanDen,MATCH(LEFT(TRIM(IF(ISNUMBER(FIND(".",D26)),LEFT(D26,FIND(".",D26)-1),D26)),4),PlanCont,0)),IFERROR(INDEX(PlanDen,MATCH(LEFT(TRIM(IF(ISNUMBER(FIND(".",D26)),LEFT(D26,FIND(".",D26)-1),D26)),3),PlanCont,0)),"Cont inexistent în plan")))) | I26: =IF(E26="","",IFERROR(INDEX(PlanDen,MATCH(TRIM(IF(ISNUMBER(FIND(".",E26)),LEFT(E26,FIND(".",E26)-1),E26)),PlanCont,0)),IFERROR(INDEX(PlanDen,MATCH(LEFT(TRIM(IF(ISNUMBER(FIND(".",E26)),LEFT(E26,FIND(".",E26)-1),E26)),4),PlanCont,0)),IFERROR(INDEX(PlanDen,MATCH(LEFT(TRIM(IF(ISNUMBER(FIND(".",E26)),LEFT(E26,FIND(".",E26)-1),E26)),3),PlanCont,0)),"Cont inexistent în plan")))) | J26: =IF(B26="","",IFERROR(INDEX('Registru note'!$D$5:$D$504,MATCH(B26,'Registru note'!$B$5:$B$504,0)),"")) | K26: =IF(AND(B26="",D26="",E26=""),"",TRIM(IF(ISNA(MATCH(B26,'Registru note'!$B$5:$B$504,0)),"Nota nu există în registru. ","")&IF(D26="","Lipsește contul debitor. ",IF(NOT(OR(ISNUMBER(MATCH(TRIM(IF(ISNUMBER(FIND(".",D26)),LEFT(D26,FIND(".",D26)-1),D26)),PlanCont,0)),ISNUMBER(MATCH(LEFT(TRIM(IF(ISNUMBER(FIND(".",D26)),LEFT(D26,FIND(".",D26)-1),D26)),4),PlanCont,0)),ISNUMBER(MATCH(LEFT(TRIM(IF(ISNUMBER(FIND(".",D26)),LEFT(D26,FIND(".",D26)-1),D26)),3),PlanCont,0)))),"Contul debitor nu există în plan. ",""))&IF(E26="","Lipsește contul creditor. ",IF(NOT(OR(ISNUMBER(MATCH(TRIM(IF(ISNUMBER(FIND(".",E26)),LEFT(E26,FIND(".",E26)-1),E26)),PlanCont,0)),ISNUMBER(MATCH(LEFT(TRIM(IF(ISNUMBER(FIND(".",E26)),LEFT(E26,FIND(".",E26)-1),E26)),4),PlanCont,0)),ISNUMBER(MATCH(LEFT(TRIM(IF(ISNUMBER(FIND(".",E26)),LEFT(E26,FIND(".",E26)-1),E26)),3),PlanCont,0)))),"Contul creditor nu există în plan. ",""))&IF(AND(D26<>"",TRIM(D26&"")=TRIM(E26&"")),"Același cont pe debit și credit. ","")&IF(N(F26)=0,"Lipsește suma. ","")&IF(AND(N(F26)<0,J26<>"Stornare"),"Sumă negativă într-o notă care nu e de stornare. ","")&IF(C26="","Lipsește explicația. ",""))) | L26: =IF(B26="","",B26&"|"&COUNTIF($B$5:B26,B26)) | M26: =IF(OR(B26="",NOT(ISNUMBER(G26))),"",G26*100000+ROW())
G27: =IF(B27="","",IFERROR(INDEX('Registru note'!$C$5:$C$504,MATCH(B27,'Registru note'!$B$5:$B$504,0)),"")) | H27: =IF(D27="","",IFERROR(INDEX(PlanDen,MATCH(TRIM(IF(ISNUMBER(FIND(".",D27)),LEFT(D27,FIND(".",D27)-1),D27)),PlanCont,0)),IFERROR(INDEX(PlanDen,MATCH(LEFT(TRIM(IF(ISNUMBER(FIND(".",D27)),LEFT(D27,FIND(".",D27)-1),D27)),4),PlanCont,0)),IFERROR(INDEX(PlanDen,MATCH(LEFT(TRIM(IF(ISNUMBER(FIND(".",D27)),LEFT(D27,FIND(".",D27)-1),D27)),3),PlanCont,0)),"Cont inexistent în plan")))) | I27: =IF(E27="","",IFERROR(INDEX(PlanDen,MATCH(TRIM(IF(ISNUMBER(FIND(".",E27)),LEFT(E27,FIND(".",E27)-1),E27)),PlanCont,0)),IFERROR(INDEX(PlanDen,MATCH(LEFT(TRIM(IF(ISNUMBER(FIND(".",E27)),LEFT(E27,FIND(".",E27)-1),E27)),4),PlanCont,0)),IFERROR(INDEX(PlanDen,MATCH(LEFT(TRIM(IF(ISNUMBER(FIND(".",E27)),LEFT(E27,FIND(".",E27)-1),E27)),3),PlanCont,0)),"Cont inexistent în plan")))) | J27: =IF(B27="","",IFERROR(INDEX('Registru note'!$D$5:$D$504,MATCH(B27,'Registru note'!$B$5:$B$504,0)),"")) | K27: =IF(AND(B27="",D27="",E27=""),"",TRIM(IF(ISNA(MATCH(B27,'Registru note'!$B$5:$B$504,0)),"Nota nu există în registru. ","")&IF(D27="","Lipsește contul debitor. ",IF(NOT(OR(ISNUMBER(MATCH(TRIM(IF(ISNUMBER(FIND(".",D27)),LEFT(D27,FIND(".",D27)-1),D27)),PlanCont,0)),ISNUMBER(MATCH(LEFT(TRIM(IF(ISNUMBER(FIND(".",D27)),LEFT(D27,FIND(".",D27)-1),D27)),4),PlanCont,0)),ISNUMBER(MATCH(LEFT(TRIM(IF(ISNUMBER(FIND(".",D27)),LEFT(D27,FIND(".",D27)-1),D27)),3),PlanCont,0)))),"Contul debitor nu există în plan. ",""))&IF(E27="","Lipsește contul creditor. ",IF(NOT(OR(ISNUMBER(MATCH(TRIM(IF(ISNUMBER(FIND(".",E27)),LEFT(E27,FIND(".",E27)-1),E27)),PlanCont,0)),ISNUMBER(MATCH(LEFT(TRIM(IF(ISNUMBER(FIND(".",E27)),LEFT(E27,FIND(".",E27)-1),E27)),4),PlanCont,0)),ISNUMBER(MATCH(LEFT(TRIM(IF(ISNUMBER(FIND(".",E27)),LEFT(E27,FIND(".",E27)-1),E27)),3),PlanCont,0)))),"Contul creditor nu există în plan. ",""))&IF(AND(D27<>"",TRIM(D27&"")=TRIM(E27&"")),"Același cont pe debit și credit. ","")&IF(N(F27)=0,"Lipsește suma. ","")&IF(AND(N(F27)<0,J27<>"Stornare"),"Sumă negativă într-o notă care nu e de stornare. ","")&IF(C27="","Lipsește explicația. ",""))) | L27: =IF(B27="","",B27&"|"&COUNTIF($B$5:B27,B27)) | M27: =IF(OR(B27="",NOT(ISNUMBER(G27))),"",G27*100000+ROW())
G28: =IF(B28="","",IFERROR(INDEX('Registru note'!$C$5:$C$504,MATCH(B28,'Registru note'!$B$5:$B$504,0)),"")) | H28: =IF(D28="","",IFERROR(INDEX(PlanDen,MATCH(TRIM(IF(ISNUMBER(FIND(".",D28)),LEFT(D28,FIND(".",D28)-1),D28)),PlanCont,0)),IFERROR(INDEX(PlanDen,MATCH(LEFT(TRIM(IF(ISNUMBER(FIND(".",D28)),LEFT(D28,FIND(".",D28)-1),D28)),4),PlanCont,0)),IFERROR(INDEX(PlanDen,MATCH(LEFT(TRIM(IF(ISNUMBER(FIND(".",D28)),LEFT(D28,FIND(".",D28)-1),D28)),3),PlanCont,0)),"Cont inexistent în plan")))) | I28: =IF(E28="","",IFERROR(INDEX(PlanDen,MATCH(TRIM(IF(ISNUMBER(FIND(".",E28)),LEFT(E28,FIND(".",E28)-1),E28)),PlanCont,0)),IFERROR(INDEX(PlanDen,MATCH(LEFT(TRIM(IF(ISNUMBER(FIND(".",E28)),LEFT(E28,FIND(".",E28)-1),E28)),4),PlanCont,0)),IFERROR(INDEX(PlanDen,MATCH(LEFT(TRIM(IF(ISNUMBER(FIND(".",E28)),LEFT(E28,FIND(".",E28)-1),E28)),3),PlanCont,0)),"Cont inexistent în plan")))) | J28: =IF(B28="","",IFERROR(INDEX('Registru note'!$D$5:$D$504,MATCH(B28,'Registru note'!$B$5:$B$504,0)),"")) | K28: =IF(AND(B28="",D28="",E28=""),"",TRIM(IF(ISNA(MATCH(B28,'Registru note'!$B$5:$B$504,0)),"Nota nu există în registru. ","")&IF(D28="","Lipsește contul debitor. ",IF(NOT(OR(ISNUMBER(MATCH(TRIM(IF(ISNUMBER(FIND(".",D28)),LEFT(D28,FIND(".",D28)-1),D28)),PlanCont,0)),ISNUMBER(MATCH(LEFT(TRIM(IF(ISNUMBER(FIND(".",D28)),LEFT(D28,FIND(".",D28)-1),D28)),4),PlanCont,0)),ISNUMBER(MATCH(LEFT(TRIM(IF(ISNUMBER(FIND(".",D28)),LEFT(D28,FIND(".",D28)-1),D28)),3),PlanCont,0)))),"Contul debitor nu există în plan. ",""))&IF(E28="","Lipsește contul creditor. ",IF(NOT(OR(ISNUMBER(MATCH(TRIM(IF(ISNUMBER(FIND(".",E28)),LEFT(E28,FIND(".",E28)-1),E28)),PlanCont,0)),ISNUMBER(MATCH(LEFT(TRIM(IF(ISNUMBER(FIND(".",E28)),LEFT(E28,FIND(".",E28)-1),E28)),4),PlanCont,0)),ISNUMBER(MATCH(LEFT(TRIM(IF(ISNUMBER(FIND(".",E28)),LEFT(E28,FIND(".",E28)-1),E28)),3),PlanCont,0)))),"Contul creditor nu există în plan. ",""))&IF(AND(D28<>"",TRIM(D28&"")=TRIM(E28&"")),"Același cont pe debit și credit. ","")&IF(N(F28)=0,"Lipsește suma. ","")&IF(AND(N(F28)<0,J28<>"Stornare"),"Sumă negativă într-o notă care nu e de stornare. ","")&IF(C28="","Lipsește explicația. ",""))) | L28: =IF(B28="","",B28&"|"&COUNTIF($B$5:B28,B28)) | M28: =IF(OR(B28="",NOT(ISNUMBER(G28))),"",G28*100000+ROW())
G29: =IF(B29="","",IFERROR(INDEX('Registru note'!$C$5:$C$504,MATCH(B29,'Registru note'!$B$5:$B$504,0)),"")) | H29: =IF(D29="","",IFERROR(INDEX(PlanDen,MATCH(TRIM(IF(ISNUMBER(FIND(".",D29)),LEFT(D29,FIND(".",D29)-1),D29)),PlanCont,0)),IFERROR(INDEX(PlanDen,MATCH(LEFT(TRIM(IF(ISNUMBER(FIND(".",D29)),LEFT(D29,FIND(".",D29)-1),D29)),4),PlanCont,0)),IFERROR(INDEX(PlanDen,MATCH(LEFT(TRIM(IF(ISNUMBER(FIND(".",D29)),LEFT(D29,FIND(".",D29)-1),D29)),3),PlanCont,0)),"Cont inexistent în plan")))) | I29: =IF(E29="","",IFERROR(INDEX(PlanDen,MATCH(TRIM(IF(ISNUMBER(FIND(".",E29)),LEFT(E29,FIND(".",E29)-1),E29)),PlanCont,0)),IFERROR(INDEX(PlanDen,MATCH(LEFT(TRIM(IF(ISNUMBER(FIND(".",E29)),LEFT(E29,FIND(".",E29)-1),E29)),4),PlanCont,0)),IFERROR(INDEX(PlanDen,MATCH(LEFT(TRIM(IF(ISNUMBER(FIND(".",E29)),LEFT(E29,FIND(".",E29)-1),E29)),3),PlanCont,0)),"Cont inexistent în plan")))) | J29: =IF(B29="","",IFERROR(INDEX('Registru note'!$D$5:$D$504,MATCH(B29,'Registru note'!$B$5:$B$504,0)),"")) | K29: =IF(AND(B29="",D29="",E29=""),"",TRIM(IF(ISNA(MATCH(B29,'Registru note'!$B$5:$B$504,0)),"Nota nu există în registru. ","")&IF(D29="","Lipsește contul debitor. ",IF(NOT(OR(ISNUMBER(MATCH(TRIM(IF(ISNUMBER(FIND(".",D29)),LEFT(D29,FIND(".",D29)-1),D29)),PlanCont,0)),ISNUMBER(MATCH(LEFT(TRIM(IF(ISNUMBER(FIND(".",D29)),LEFT(D29,FIND(".",D29)-1),D29)),4),PlanCont,0)),ISNUMBER(MATCH(LEFT(TRIM(IF(ISNUMBER(FIND(".",D29)),LEFT(D29,FIND(".",D29)-1),D29)),3),PlanCont,0)))),"Contul debitor nu există în plan. ",""))&IF(E29="","Lipsește contul creditor. ",IF(NOT(OR(ISNUMBER(MATCH(TRIM(IF(ISNUMBER(FIND(".",E29)),LEFT(E29,FIND(".",E29)-1),E29)),PlanCont,0)),ISNUMBER(MATCH(LEFT(TRIM(IF(ISNUMBER(FIND(".",E29)),LEFT(E29,FIND(".",E29)-1),E29)),4),PlanCont,0)),ISNUMBER(MATCH(LEFT(TRIM(IF(ISNUMBER(FIND(".",E29)),LEFT(E29,FIND(".",E29)-1),E29)),3),PlanCont,0)))),"Contul creditor nu există în plan. ",""))&IF(AND(D29<>"",TRIM(D29&"")=TRIM(E29&"")),"Același cont pe debit și credit. ","")&IF(N(F29)=0,"Lipsește suma. ","")&IF(AND(N(F29)<0,J29<>"Stornare"),"Sumă negativă într-o notă care nu e de stornare. ","")&IF(C29="","Lipsește explicația. ",""))) | L29: =IF(B29="","",B29&"|"&COUNTIF($B$5:B29,B29)) | M29: =IF(OR(B29="",NOT(ISNUMBER(G29))),"",G29*100000+ROW())
G30: =IF(B30="","",IFERROR(INDEX('Registru note'!$C$5:$C$504,MATCH(B30,'Registru note'!$B$5:$B$504,0)),"")) | H30: =IF(D30="","",IFERROR(INDEX(PlanDen,MATCH(TRIM(IF(ISNUMBER(FIND(".",D30)),LEFT(D30,FIND(".",D30)-1),D30)),PlanCont,0)),IFERROR(INDEX(PlanDen,MATCH(LEFT(TRIM(IF(ISNUMBER(FIND(".",D30)),LEFT(D30,FIND(".",D30)-1),D30)),4),PlanCont,0)),IFERROR(INDEX(PlanDen,MATCH(LEFT(TRIM(IF(ISNUMBER(FIND(".",D30)),LEFT(D30,FIND(".",D30)-1),D30)),3),PlanCont,0)),"Cont inexistent în plan")))) | I30: =IF(E30="","",IFERROR(INDEX(PlanDen,MATCH(TRIM(IF(ISNUMBER(FIND(".",E30)),LEFT(E30,FIND(".",E30)-1),E30)),PlanCont,0)),IFERROR(INDEX(PlanDen,MATCH(LEFT(TRIM(IF(ISNUMBER(FIND(".",E30)),LEFT(E30,FIND(".",E30)-1),E30)),4),PlanCont,0)),IFERROR(INDEX(PlanDen,MATCH(LEFT(TRIM(IF(ISNUMBER(FIND(".",E30)),LEFT(E30,FIND(".",E30)-1),E30)),3),PlanCont,0)),"Cont inexistent în plan")))) | J30: =IF(B30="","",IFERROR(INDEX('Registru note'!$D$5:$D$504,MATCH(B30,'Registru note'!$B$5:$B$504,0)),"")) | K30: =IF(AND(B30="",D30="",E30=""),"",TRIM(IF(ISNA(MATCH(B30,'Registru note'!$B$5:$B$504,0)),"Nota nu există în registru. ","")&IF(D30="","Lipsește contul debitor. ",IF(NOT(OR(ISNUMBER(MATCH(TRIM(IF(ISNUMBER(FIND(".",D30)),LEFT(D30,FIND(".",D30)-1),D30)),PlanCont,0)),ISNUMBER(MATCH(LEFT(TRIM(IF(ISNUMBER(FIND(".",D30)),LEFT(D30,FIND(".",D30)-1),D30)),4),PlanCont,0)),ISNUMBER(MATCH(LEFT(TRIM(IF(ISNUMBER(FIND(".",D30)),LEFT(D30,FIND(".",D30)-1),D30)),3),PlanCont,0)))),"Contul debitor nu există în plan. ",""))&IF(E30="","Lipsește contul creditor. ",IF(NOT(OR(ISNUMBER(MATCH(TRIM(IF(ISNUMBER(FIND(".",E30)),LEFT(E30,FIND(".",E30)-1),E30)),PlanCont,0)),ISNUMBER(MATCH(LEFT(TRIM(IF(ISNUMBER(FIND(".",E30)),LEFT(E30,FIND(".",E30)-1),E30)),4),PlanCont,0)),ISNUMBER(MATCH(LEFT(TRIM(IF(ISNUMBER(FIND(".",E30)),LEFT(E30,FIND(".",E30)-1),E30)),3),PlanCont,0)))),"Contul creditor nu există în plan. ",""))&IF(AND(D30<>"",TRIM(D30&"")=TRIM(E30&"")),"Același cont pe debit și credit. ","")&IF(N(F30)=0,"Lipsește suma. ","")&IF(AND(N(F30)<0,J30<>"Stornare"),"Sumă negativă într-o notă care nu e de stornare. ","")&IF(C30="","Lipsește explicația. ",""))) | L30: =IF(B30="","",B30&"|"&COUNTIF($B$5:B30,B30)) | M30: =IF(OR(B30="",NOT(ISNUMBER(G30))),"",G30*100000+ROW())
... G2004: =IF(B2004="","",IFERROR(INDEX('Registru note'!$C$5:$C$504,MATCH(B2004,'Registru note'!$B$5:$B$504,0)),"")) | H2004: =IF(D2004="","",IFERROR(INDEX(PlanDen,MATCH(TRIM(IF(ISNUMBER(FIND(".",D2004)),LEFT(D2004,FIND(".",D2004)-1),D2004)),PlanCont,0)),IFERROR(INDEX(PlanDen,MATCH(LEFT(TRIM(IF(ISNUMBER(FIND(".",D2004)),LEFT(D2004,FIND(".",D2004)-1),D2004)),4),PlanCont,0)),IFERROR(INDEX(PlanDen,MATCH(LEFT(TRIM(IF(ISNUMBER(FIND(".",D2004)),LEFT(D2004,FIND(".",D2004)-1),D2004)),3),PlanCont,0)),"Cont inexistent în plan")))) | I2004: =IF(E2004="","",IFERROR(INDEX(PlanDen,MATCH(TRIM(IF(ISNUMBER(FIND(".",E2004)),LEFT(E2004,FIND(".",E2004)-1),E2004)),PlanCont,0)),IFERROR(INDEX(PlanDen,MATCH(LEFT(TRIM(IF(ISNUMBER(FIND(".",E2004)),LEFT(E2004,FIND(".",E2004)-1),E2004)),4),PlanCont,0)),IFERROR(INDEX(PlanDen,MATCH(LEFT(TRIM(IF(ISNUMBER(FIND(".",E2004)),LEFT(E2004,FIND(".",E2004)-1),E2004)),3),PlanCont,0)),"Cont inexistent în plan")))) | J2004: =IF(B2004="","",IFERROR(INDEX('Registru note'!$D$5:$D$504,MATCH(B2004,'Registru note'!$B$5:$B$504,0)),"")) | K2004: =IF(AND(B2004="",D2004="",E2004=""),"",TRIM(IF(ISNA(MATCH(B2004,'Registru note'!$B$5:$B$504,0)),"Nota nu există în registru. ","")&IF(D2004="","Lipsește contul debitor. ",IF(NOT(OR(ISNUMBER(MATCH(TRIM(IF(ISNUMBER(FIND(".",D2004)),LEFT(D2004,FIND(".",D2004)-1),D2004)),PlanCont,0)),ISNUMBER(MATCH(LEFT(TRIM(IF(ISNUMBER(FIND(".",D2004)),LEFT(D2004,FIND(".",D2004)-1),D2004)),4),PlanCont,0)),ISNUMBER(MATCH(LEFT(TRIM(IF(ISNUMBER(FIND(".",D2004)),LEFT(D2004,FIND(".",D2004)-1),D2004)),3),PlanCont,0)))),"Contul debitor nu există în plan. ",""))&IF(E2004="","Lipsește contul creditor. ",IF(NOT(OR(ISNUMBER(MATCH(TRIM(IF(ISNUMBER(FIND(".",E2004)),LEFT(E2004,FIND(".",E2004)-1),E2004)),PlanCont,0)),ISNUMBER(MATCH(LEFT(TRIM(IF(ISNUMBER(FIND(".",E2004)),LEFT(E2004,FIND(".",E2004)-1),E2004)),4),PlanCont,0)),ISNUMBER(MATCH(LEFT(TRIM(IF(ISNUMBER(FIND(".",E2004)),LEFT(E2004,FIND(".",E2004)-1),E2004)),3),PlanCont,0)))),"Contul creditor nu există în plan. ",""))&IF(AND(D2004<>"",TRIM(D2004&"")=TRIM(E2004&"")),"Același cont pe debit și credit. ","")&IF(N(F2004)=0,"Lipsește suma. ","")&IF(AND(N(F2004)<0,J2004<>"Stornare"),"Sumă negativă într-o notă care nu e de stornare. ","")&IF(C2004="","Lipsește explicația. ",""))) | L2004: =IF(B2004="","",B2004&"|"&COUNTIF($B$5:B2004,B2004)) | M2004: =IF(OR(B2004="",NOT(ISNUMBER(G2004))),"",G2004*100000+ROW())

Sheet Registrul-jurnal
B1: Registrul-jurnal
B2: Toate articolele contabile, în ordine cronologică (după data notei), cu numerotare continuă. Se completează automat din foile Registru note și Articole.
B3: Total: | E3: =IF(ROUND(H3-I3,2)=0,"✔ Total debitor = total creditor","⚠ Totalurile diferă") -> ✔ Total debitor = total creditor | H3: =SUM(H5:H304) -> 44433.33 | I3: =SUM(I5:I304) -> 44433.33
B4: Nr. crt. | C4: Data | D4: Document (nr. notă) | E4: Explicația | F4: Cont debitor | G4: Cont creditor | H4: Suma debitoare | I4: Suma creditoare
B5: =IF(K5="","",ROW()-4) -> 1 | C5: =IF(K5="","",INDEX(ArData,L5)) -> 46322 | D5: =IF(K5="","","NC "&INDEX(ArNr,L5)) -> NC 6 | E5: =IF(K5="","",INDEX(ArExp,L5)) -> Stornarea înregistrării facturii 778 pe contul 628 | F5: =IF(K5="","",INDEX(ArD,L5)) -> 628 | G5: =IF(K5="","",INDEX(ArC,L5)) -> 401 | H5: =IF(K5="","",INDEX(ArSuma,L5)) -> -1200 | I5: =IF(K5="","",INDEX(ArSuma,L5)) -> -1200 | K5: =IFERROR(_xlfn.AGGREGATE(15,6,ArSort,ROW()-4),"") -> 4632200016 | L5: =IF(K5="","",MOD(K5,100000)-4) -> 12
B6: =IF(K6="","",ROW()-4) -> 2 | C6: =IF(K6="","",INDEX(ArData,L6)) -> 46322 | D6: =IF(K6="","","NC "&INDEX(ArNr,L6)) -> NC 7 | E6: =IF(K6="","",INDEX(ArExp,L6)) -> Onorariu avocat – factura 778 | F6: =IF(K6="","",INDEX(ArD,L6)) -> 622 | G6: =IF(K6="","",INDEX(ArC,L6)) -> 401 | H6: =IF(K6="","",INDEX(ArSuma,L6)) -> 1200 | I6: =IF(K6="","",INDEX(ArSuma,L6)) -> 1200 | K6: =IFERROR(_xlfn.AGGREGATE(15,6,ArSort,ROW()-4),"") -> 4632200017 | L6: =IF(K6="","",MOD(K6,100000)-4) -> 13
B7: =IF(K7="","",ROW()-4) -> 3 | C7: =IF(K7="","",INDEX(ArData,L7)) -> 46325 | D7: =IF(K7="","","NC "&INDEX(ArNr,L7)) -> NC 4 | E7: =IF(K7="","",INDEX(ArExp,L7)) -> Lipsă de mărfuri constatată la inventar | F7: =IF(K7="","",INDEX(ArD,L7)) -> 607 | G7: =IF(K7="","",INDEX(ArC,L7)) -> 371 | H7: =IF(K7="","",INDEX(ArSuma,L7)) -> 400 | I7: =IF(K7="","",INDEX(ArSuma,L7)) -> 400 | K7: =IFERROR(_xlfn.AGGREGATE(15,6,ArSort,ROW()-4),"") -> 4632500014 | L7: =IF(K7="","",MOD(K7,100000)-4) -> 10
B8: =IF(K8="","",ROW()-4) -> 4 | C8: =IF(K8="","",INDEX(ArData,L8)) -> 46326 | D8: =IF(K8="","","NC "&INDEX(ArNr,L8)) -> NC 1 | E8: =IF(K8="","",INDEX(ArExp,L8)) -> Amortizarea echipamentelor și a mijloacelor de transport | F8: =IF(K8="","",INDEX(ArD,L8)) -> 6811 | G8: =IF(K8="","",INDEX(ArC,L8)) -> 2813 | H8: =IF(K8="","",INDEX(ArSuma,L8)) -> 2208.33 | I8: =IF(K8="","",INDEX(ArSuma,L8)) -> 2208.33 | K8: =IFERROR(_xlfn.AGGREGATE(15,6,ArSort,ROW()-4),"") -> 4632600005 | L8: =IF(K8="","",MOD(K8,100000)-4) -> 1
B9: =IF(K9="","",ROW()-4) -> 5 | C9: =IF(K9="","",INDEX(ArData,L9)) -> 46326 | D9: =IF(K9="","","NC "&INDEX(ArNr,L9)) -> NC 1 | E9: =IF(K9="","",INDEX(ArExp,L9)) -> Amortizarea licențelor software | F9: =IF(K9="","",INDEX(ArD,L9)) -> 6811 | G9: =IF(K9="","",INDEX(ArC,L9)) -> 2808 | H9: =IF(K9="","",INDEX(ArSuma,L9)) -> 250 | I9: =IF(K9="","",INDEX(ArSuma,L9)) -> 250 | K9: =IFERROR(_xlfn.AGGREGATE(15,6,ArSort,ROW()-4),"") -> 4632600006 | L9: =IF(K9="","",MOD(K9,100000)-4) -> 2
B10: =IF(K10="","",ROW()-4) -> 6 | C10: =IF(K10="","",INDEX(ArData,L10)) -> 46326 | D10: =IF(K10="","","NC "&INDEX(ArNr,L10)) -> NC 2 | E10: =IF(K10="","",INDEX(ArExp,L10)) -> Salariile brute ale lunii | F10: =IF(K10="","",INDEX(ArD,L10)) -> 641 | G10: =IF(K10="","",INDEX(ArC,L10)) -> 421 | H10: =IF(K10="","",INDEX(ArSuma,L10)) -> 18000 | I10: =IF(K10="","",INDEX(ArSuma,L10)) -> 18000 | K10: =IFERROR(_xlfn.AGGREGATE(15,6,ArSort,ROW()-4),"") -> 4632600007 | L10: =IF(K10="","",MOD(K10,100000)-4) -> 3
B11: =IF(K11="","",ROW()-4) -> 7 | C11: =IF(K11="","",INDEX(ArData,L11)) -> 46326 | D11: =IF(K11="","","NC "&INDEX(ArNr,L11)) -> NC 2 | E11: =IF(K11="","",INDEX(ArExp,L11)) -> Contribuția de asigurări sociale reținută | F11: =IF(K11="","",INDEX(ArD,L11)) -> 421 | G11: =IF(K11="","",INDEX(ArC,L11)) -> 4315 | H11: =IF(K11="","",INDEX(ArSuma,L11)) -> 4500 | I11: =IF(K11="","",INDEX(ArSuma,L11)) -> 4500 | K11: =IFERROR(_xlfn.AGGREGATE(15,6,ArSort,ROW()-4),"") -> 4632600008 | L11: =IF(K11="","",MOD(K11,100000)-4) -> 4
B12: =IF(K12="","",ROW()-4) -> 8 | C12: =IF(K12="","",INDEX(ArData,L12)) -> 46326 | D12: =IF(K12="","","NC "&INDEX(ArNr,L12)) -> NC 2 | E12: =IF(K12="","",INDEX(ArExp,L12)) -> Contribuția de asigurări sociale de sănătate reținută | F12: =IF(K12="","",INDEX(ArD,L12)) -> 421 | G12: =IF(K12="","",INDEX(ArC,L12)) -> 4316 | H12: =IF(K12="","",INDEX(ArSuma,L12)) -> 1800 | I12: =IF(K12="","",INDEX(ArSuma,L12)) -> 1800 | K12: =IFERROR(_xlfn.AGGREGATE(15,6,ArSort,ROW()-4),"") -> 4632600009 | L12: =IF(K12="","",MOD(K12,100000)-4) -> 5
B13: =IF(K13="","",ROW()-4) -> 9 | C13: =IF(K13="","",INDEX(ArData,L13)) -> 46326 | D13: =IF(K13="","","NC "&INDEX(ArNr,L13)) -> NC 2 | E13: =IF(K13="","",INDEX(ArExp,L13)) -> Impozitul pe salarii reținut | F13: =IF(K13="","",INDEX(ArD,L13)) -> 421 | G13: =IF(K13="","",INDEX(ArC,L13)) -> 444 | H13: =IF(K13="","",INDEX(ArSuma,L13)) -> 1170 | I13: =IF(K13="","",INDEX(ArSuma,L13)) -> 1170 | K13: =IFERROR(_xlfn.AGGREGATE(15,6,ArSort,ROW()-4),"") -> 4632600010 | L13: =IF(K13="","",MOD(K13,100000)-4) -> 6
B14: =IF(K14="","",ROW()-4) -> 10 | C14: =IF(K14="","",INDEX(ArData,L14)) -> 46326 | D14: =IF(K14="","","NC "&INDEX(ArNr,L14)) -> NC 2 | E14: =IF(K14="","",INDEX(ArExp,L14)) -> Contribuția asiguratorie pentru muncă | F14: =IF(K14="","",INDEX(ArD,L14)) -> 646 | G14: =IF(K14="","",INDEX(ArC,L14)) -> 436 | H14: =IF(K14="","",INDEX(ArSuma,L14)) -> 405 | I14: =IF(K14="","",INDEX(ArSuma,L14)) -> 405 | K14: =IFERROR(_xlfn.AGGREGATE(15,6,ArSort,ROW()-4),"") -> 4632600011 | L14: =IF(K14="","",MOD(K14,100000)-4) -> 7
B15: =IF(K15="","",ROW()-4) -> 11 | C15: =IF(K15="","",INDEX(ArData,L15)) -> 46326 | D15: =IF(K15="","","NC "&INDEX(ArNr,L15)) -> NC 3 | E15: =IF(K15="","",INDEX(ArExp,L15)) -> Compensarea TVA deductibile cu TVA colectată | F15: =IF(K15="","",INDEX(ArD,L15)) -> 4427 | G15: =IF(K15="","",INDEX(ArC,L15)) -> 4426 | H15: =IF(K15="","",INDEX(ArSuma,L15)) -> 9800 | I15: =IF(K15="","",INDEX(ArSuma,L15)) -> 9800 | K15: =IFERROR(_xlfn.AGGREGATE(15,6,ArSort,ROW()-4),"") -> 4632600012 | L15: =IF(K15="","",MOD(K15,100000)-4) -> 8
B16: =IF(K16="","",ROW()-4) -> 12 | C16: =IF(K16="","",INDEX(ArData,L16)) -> 46326 | D16: =IF(K16="","","NC "&INDEX(ArNr,L16)) -> NC 3 | E16: =IF(K16="","",INDEX(ArExp,L16)) -> TVA de plată pentru octombrie | F16: =IF(K16="","",INDEX(ArD,L16)) -> 4427 | G16: =IF(K16="","",INDEX(ArC,L16)) -> 4423 | H16: =IF(K16="","",INDEX(ArSuma,L16)) -> 3100 | I16: =IF(K16="","",INDEX(ArSuma,L16)) -> 3100 | K16: =IFERROR(_xlfn.AGGREGATE(15,6,ArSort,ROW()-4),"") -> 4632600013 | L16: =IF(K16="","",MOD(K16,100000)-4) -> 9
... B304: =IF(K304="","",ROW()-4) | C304: =IF(K304="","",INDEX(ArData,L304)) | D304: =IF(K304="","","NC "&INDEX(ArNr,L304)) | E304: =IF(K304="","",INDEX(ArExp,L304)) | F304: =IF(K304="","",INDEX(ArD,L304)) | G304: =IF(K304="","",INDEX(ArC,L304)) | H304: =IF(K304="","",INDEX(ArSuma,L304)) | I304: =IF(K304="","",INDEX(ArSuma,L304)) | K304: =IFERROR(_xlfn.AGGREGATE(15,6,ArSort,ROW()-4),"") | L304: =IF(K304="","",MOD(K304,100000)-4)

Sheet Fișa contului
B1: Fișa contului
B2: Alege contul (sintetic, de exemplu 401, sau analitic, de exemplu 401.01): apar toate mișcările din notele contabile și soldul după fiecare operațiune.
B3: ="Rulaj debitor: "&FIXED(SUM(F8:F207),2)&" · Rulaj creditor: "&FIXED(SUM(G8:G207),2)&" · Sold final: "&FIXED(ABS(IF($D$5="debitor",N($C$5),-N($C$5))+SUM(F8:F207)-SUM(G8:G207)),2)&IF(IF($D$5="debitor",N($C$5),-N($C$5))+SUM(F8:F207)-SUM(G8:G207)>=0," debitor"," creditor") -> Rulaj debitor: 2.500,00 · Rulaj creditor: 0,00 · Sold final: 55.500,00 creditor
B4: Cont: | C4: 401 | D4: =IFERROR(INDEX(PlanDen,MATCH(TRIM(IF(ISNUMBER(FIND(".",C4)),LEFT(C4,FIND(".",C4)-1),C4)),PlanCont,0)),IFERROR(INDEX(PlanDen,MATCH(LEFT(TRIM(IF(ISNUMBER(FIND(".",C4)),LEFT(C4,FIND(".",C4)-1),C4)),4),PlanCont,0)),IFERROR(INDEX(PlanDen,MATCH(LEFT(TRIM(IF(ISNUMBER(FIND(".",C4)),LEFT(C4,FIND(".",C4)-1),C4)),3),PlanCont,0)),"Cont inexistent în plan"))) -> Furnizori
B5: Sold inițial: | C5: 58000 | D5: creditor | F5: (din balanța de la începutul perioadei)
B7: Data | C7: Nr. notă | D7: Explicația | E7: Cont corespondent | F7: Debit | G7: Credit | H7: Sold | I7: D / C
B8: =IF(K8="","",INDEX(ArData,L8)) -> 46322 | C8: =IF(K8="","",INDEX(ArNr,L8)) -> 6 | D8: =IF(K8="","",INDEX(ArExp,L8)) -> Stornarea înregistrării facturii 778 pe contul 628 | E8: =IF(K8="","",IF(LEFT(INDEX(ArD,L8),LEN($C$4))=$C$4,INDEX(ArC,L8),INDEX(ArD,L8))) -> 628 | F8: =IF(K8="","",IF(LEFT(INDEX(ArD,L8),LEN($C$4))=$C$4,INDEX(ArSuma,L8),0)) -> 0 | G8: =IF(K8="","",IF(LEFT(INDEX(ArC,L8),LEN($C$4))=$C$4,INDEX(ArSuma,L8),0)) -> -1200 | H8: =IF(K8="","",ABS(IF($D$5="debitor",N($C$5),-N($C$5))+SUM($F$8:F8)-SUM($G$8:G8))) -> 56800 | I8: =IF(K8="","",IF(IF($D$5="debitor",N($C$5),-N($C$5))+SUM($F$8:F8)-SUM($G$8:G8)>=0,"D","C")) -> C | K8: =IFERROR(_xlfn.AGGREGATE(15,6,ArSort/(((LEFT(ArD,LEN($C$4))=$C$4)+(LEFT(ArC,LEN($C$4))=$C$4))*($C$4<>"")*ISNUMBER(ArSort)>0),ROW()-7),"") -> 4632200016 | L8: =IF(K8="","",MOD(K8,100000)-4) -> 12
B9: =IF(K9="","",INDEX(ArData,L9)) -> 46322 | C9: =IF(K9="","",INDEX(ArNr,L9)) -> 7 | D9: =IF(K9="","",INDEX(ArExp,L9)) -> Onorariu avocat – factura 778 | E9: =IF(K9="","",IF(LEFT(INDEX(ArD,L9),LEN($C$4))=$C$4,INDEX(ArC,L9),INDEX(ArD,L9))) -> 622 | F9: =IF(K9="","",IF(LEFT(INDEX(ArD,L9),LEN($C$4))=$C$4,INDEX(ArSuma,L9),0)) -> 0 | G9: =IF(K9="","",IF(LEFT(INDEX(ArC,L9),LEN($C$4))=$C$4,INDEX(ArSuma,L9),0)) -> 1200 | H9: =IF(K9="","",ABS(IF($D$5="debitor",N($C$5),-N($C$5))+SUM($F$8:F9)-SUM($G$8:G9))) -> 58000 | I9: =IF(K9="","",IF(IF($D$5="debitor",N($C$5),-N($C$5))+SUM($F$8:F9)-SUM($G$8:G9)>=0,"D","C")) -> C | K9: =IFERROR(_xlfn.AGGREGATE(15,6,ArSort/(((LEFT(ArD,LEN($C$4))=$C$4)+(LEFT(ArC,LEN($C$4))=$C$4))*($C$4<>"")*ISNUMBER(ArSort)>0),ROW()-7),"") -> 4632200017 | L9: =IF(K9="","",MOD(K9,100000)-4) -> 13
B10: =IF(K10="","",INDEX(ArData,L10)) -> 46326 | C10: =IF(K10="","",INDEX(ArNr,L10)) -> 8 | D10: =IF(K10="","",INDEX(ArExp,L10)) -> Compensare datorie – creanță Electro Plus SRL | E10: =IF(K10="","",IF(LEFT(INDEX(ArD,L10),LEN($C$4))=$C$4,INDEX(ArC,L10),INDEX(ArD,L10))) -> 4111 | F10: =IF(K10="","",IF(LEFT(INDEX(ArD,L10),LEN($C$4))=$C$4,INDEX(ArSuma,L10),0)) -> 2500 | G10: =IF(K10="","",IF(LEFT(INDEX(ArC,L10),LEN($C$4))=$C$4,INDEX(ArSuma,L10),0)) -> 0 | H10: =IF(K10="","",ABS(IF($D$5="debitor",N($C$5),-N($C$5))+SUM($F$8:F10)-SUM($G$8:G10))) -> 55500 | I10: =IF(K10="","",IF(IF($D$5="debitor",N($C$5),-N($C$5))+SUM($F$8:F10)-SUM($G$8:G10)>=0,"D","C")) -> C | K10: =IFERROR(_xlfn.AGGREGATE(15,6,ArSort/(((LEFT(ArD,LEN($C$4))=$C$4)+(LEFT(ArC,LEN($C$4))=$C$4))*($C$4<>"")*ISNUMBER(ArSort)>0),ROW()-7),"") -> 4632600018 | L10: =IF(K10="","",MOD(K10,100000)-4) -> 14
B11: =IF(K11="","",INDEX(ArData,L11)) | C11: =IF(K11="","",INDEX(ArNr,L11)) | D11: =IF(K11="","",INDEX(ArExp,L11)) | E11: =IF(K11="","",IF(LEFT(INDEX(ArD,L11),LEN($C$4))=$C$4,INDEX(ArC,L11),INDEX(ArD,L11))) | F11: =IF(K11="","",IF(LEFT(INDEX(ArD,L11),LEN($C$4))=$C$4,INDEX(ArSuma,L11),0)) | G11: =IF(K11="","",IF(LEFT(INDEX(ArC,L11),LEN($C$4))=$C$4,INDEX(ArSuma,L11),0)) | H11: =IF(K11="","",ABS(IF($D$5="debitor",N($C$5),-N($C$5))+SUM($F$8:F11)-SUM($G$8:G11))) | I11: =IF(K11="","",IF(IF($D$5="debitor",N($C$5),-N($C$5))+SUM($F$8:F11)-SUM($G$8:G11)>=0,"D","C")) | K11: =IFERROR(_xlfn.AGGREGATE(15,6,ArSort/(((LEFT(ArD,LEN($C$4))=$C$4)+(LEFT(ArC,LEN($C$4))=$C$4))*($C$4<>"")*ISNUMBER(ArSort)>0),ROW()-7),"") | L11: =IF(K11="","",MOD(K11,100000)-4)
B12: =IF(K12="","",INDEX(ArData,L12)) | C12: =IF(K12="","",INDEX(ArNr,L12)) | D12: =IF(K12="","",INDEX(ArExp,L12)) | E12: =IF(K12="","",IF(LEFT(INDEX(ArD,L12),LEN($C$4))=$C$4,INDEX(ArC,L12),INDEX(ArD,L12))) | F12: =IF(K12="","",IF(LEFT(INDEX(ArD,L12),LEN($C$4))=$C$4,INDEX(ArSuma,L12),0)) | G12: =IF(K12="","",IF(LEFT(INDEX(ArC,L12),LEN($C$4))=$C$4,INDEX(ArSuma,L12),0)) | H12: =IF(K12="","",ABS(IF($D$5="debitor",N($C$5),-N($C$5))+SUM($F$8:F12)-SUM($G$8:G12))) | I12: =IF(K12="","",IF(IF($D$5="debitor",N($C$5),-N($C$5))+SUM($F$8:F12)-SUM($G$8:G12)>=0,"D","C")) | K12: =IFERROR(_xlfn.AGGREGATE(15,6,ArSort/(((LEFT(ArD,LEN($C$4))=$C$4)+(LEFT(ArC,LEN($C$4))=$C$4))*($C$4<>"")*ISNUMBER(ArSort)>0),ROW()-7),"") | L12: =IF(K12="","",MOD(K12,100000)-4)
B13: =IF(K13="","",INDEX(ArData,L13)) | C13: =IF(K13="","",INDEX(ArNr,L13)) | D13: =IF(K13="","",INDEX(ArExp,L13)) | E13: =IF(K13="","",IF(LEFT(INDEX(ArD,L13),LEN($C$4))=$C$4,INDEX(ArC,L13),INDEX(ArD,L13))) | F13: =IF(K13="","",IF(LEFT(INDEX(ArD,L13),LEN($C$4))=$C$4,INDEX(ArSuma,L13),0)) | G13: =IF(K13="","",IF(LEFT(INDEX(ArC,L13),LEN($C$4))=$C$4,INDEX(ArSuma,L13),0)) | H13: =IF(K13="","",ABS(IF($D$5="debitor",N($C$5),-N($C$5))+SUM($F$8:F13)-SUM($G$8:G13))) | I13: =IF(K13="","",IF(IF($D$5="debitor",N($C$5),-N($C$5))+SUM($F$8:F13)-SUM($G$8:G13)>=0,"D","C")) | K13: =IFERROR(_xlfn.AGGREGATE(15,6,ArSort/(((LEFT(ArD,LEN($C$4))=$C$4)+(LEFT(ArC,LEN($C$4))=$C$4))*($C$4<>"")*ISNUMBER(ArSort)>0),ROW()-7),"") | L13: =IF(K13="","",MOD(K13,100000)-4)
B14: =IF(K14="","",INDEX(ArData,L14)) | C14: =IF(K14="","",INDEX(ArNr,L14)) | D14: =IF(K14="","",INDEX(ArExp,L14)) | E14: =IF(K14="","",IF(LEFT(INDEX(ArD,L14),LEN($C$4))=$C$4,INDEX(ArC,L14),INDEX(ArD,L14))) | F14: =IF(K14="","",IF(LEFT(INDEX(ArD,L14),LEN($C$4))=$C$4,INDEX(ArSuma,L14),0)) | G14: =IF(K14="","",IF(LEFT(INDEX(ArC,L14),LEN($C$4))=$C$4,INDEX(ArSuma,L14),0)) | H14: =IF(K14="","",ABS(IF($D$5="debitor",N($C$5),-N($C$5))+SUM($F$8:F14)-SUM($G$8:G14))) | I14: =IF(K14="","",IF(IF($D$5="debitor",N($C$5),-N($C$5))+SUM($F$8:F14)-SUM($G$8:G14)>=0,"D","C")) | K14: =IFERROR(_xlfn.AGGREGATE(15,6,ArSort/(((LEFT(ArD,LEN($C$4))=$C$4)+(LEFT(ArC,LEN($C$4))=$C$4))*($C$4<>"")*ISNUMBER(ArSort)>0),ROW()-7),"") | L14: =IF(K14="","",MOD(K14,100000)-4)
B15: =IF(K15="","",INDEX(ArData,L15)) | C15: =IF(K15="","",INDEX(ArNr,L15)) | D15: =IF(K15="","",INDEX(ArExp,L15)) | E15: =IF(K15="","",IF(LEFT(INDEX(ArD,L15),LEN($C$4))=$C$4,INDEX(ArC,L15),INDEX(ArD,L15))) | F15: =IF(K15="","",IF(LEFT(INDEX(ArD,L15),LEN($C$4))=$C$4,INDEX(ArSuma,L15),0)) | G15: =IF(K15="","",IF(LEFT(INDEX(ArC,L15),LEN($C$4))=$C$4,INDEX(ArSuma,L15),0)) | H15: =IF(K15="","",ABS(IF($D$5="debitor",N($C$5),-N($C$5))+SUM($F$8:F15)-SUM($G$8:G15))) | I15: =IF(K15="","",IF(IF($D$5="debitor",N($C$5),-N($C$5))+SUM($F$8:F15)-SUM($G$8:G15)>=0,"D","C")) | K15: =IFERROR(_xlfn.AGGREGATE(15,6,ArSort/(((LEFT(ArD,LEN($C$4))=$C$4)+(LEFT(ArC,LEN($C$4))=$C$4))*($C$4<>"")*ISNUMBER(ArSort)>0),ROW()-7),"") | L15: =IF(K15="","",MOD(K15,100000)-4)
B16: =IF(K16="","",INDEX(ArData,L16)) | C16: =IF(K16="","",INDEX(ArNr,L16)) | D16: =IF(K16="","",INDEX(ArExp,L16)) | E16: =IF(K16="","",IF(LEFT(INDEX(ArD,L16),LEN($C$4))=$C$4,INDEX(ArC,L16),INDEX(ArD,L16))) | F16: =IF(K16="","",IF(LEFT(INDEX(ArD,L16),LEN($C$4))=$C$4,INDEX(ArSuma,L16),0)) | G16: =IF(K16="","",IF(LEFT(INDEX(ArC,L16),LEN($C$4))=$C$4,INDEX(ArSuma,L16),0)) | H16: =IF(K16="","",ABS(IF($D$5="debitor",N($C$5),-N($C$5))+SUM($F$8:F16)-SUM($G$8:G16))) | I16: =IF(K16="","",IF(IF($D$5="debitor",N($C$5),-N($C$5))+SUM($F$8:F16)-SUM($G$8:G16)>=0,"D","C")) | K16: =IFERROR(_xlfn.AGGREGATE(15,6,ArSort/(((LEFT(ArD,LEN($C$4))=$C$4)+(LEFT(ArC,LEN($C$4))=$C$4))*($C$4<>"")*ISNUMBER(ArSort)>0),ROW()-7),"") | L16: =IF(K16="","",MOD(K16,100000)-4)
B17: =IF(K17="","",INDEX(ArData,L17)) | C17: =IF(K17="","",INDEX(ArNr,L17)) | D17: =IF(K17="","",INDEX(ArExp,L17)) | E17: =IF(K17="","",IF(LEFT(INDEX(ArD,L17),LEN($C$4))=$C$4,INDEX(ArC,L17),INDEX(ArD,L17))) | F17: =IF(K17="","",IF(LEFT(INDEX(ArD,L17),LEN($C$4))=$C$4,INDEX(ArSuma,L17),0)) | G17: =IF(K17="","",IF(LEFT(INDEX(ArC,L17),LEN($C$4))=$C$4,INDEX(ArSuma,L17),0)) | H17: =IF(K17="","",ABS(IF($D$5="debitor",N($C$5),-N($C$5))+SUM($F$8:F17)-SUM($G$8:G17))) | I17: =IF(K17="","",IF(IF($D$5="debitor",N($C$5),-N($C$5))+SUM($F$8:F17)-SUM($G$8:G17)>=0,"D","C")) | K17: =IFERROR(_xlfn.AGGREGATE(15,6,ArSort/(((LEFT(ArD,LEN($C$4))=$C$4)+(LEFT(ArC,LEN($C$4))=$C$4))*($C$4<>"")*ISNUMBER(ArSort)>0),ROW()-7),"") | L17: =IF(K17="","",MOD(K17,100000)-4)
B18: =IF(K18="","",INDEX(ArData,L18)) | C18: =IF(K18="","",INDEX(ArNr,L18)) | D18: =IF(K18="","",INDEX(ArExp,L18)) | E18: =IF(K18="","",IF(LEFT(INDEX(ArD,L18),LEN($C$4))=$C$4,INDEX(ArC,L18),INDEX(ArD,L18))) | F18: =IF(K18="","",IF(LEFT(INDEX(ArD,L18),LEN($C$4))=$C$4,INDEX(ArSuma,L18),0)) | G18: =IF(K18="","",IF(LEFT(INDEX(ArC,L18),LEN($C$4))=$C$4,INDEX(ArSuma,L18),0)) | H18: =IF(K18="","",ABS(IF($D$5="debitor",N($C$5),-N($C$5))+SUM($F$8:F18)-SUM($G$8:G18))) | I18: =IF(K18="","",IF(IF($D$5="debitor",N($C$5),-N($C$5))+SUM($F$8:F18)-SUM($G$8:G18)>=0,"D","C")) | K18: =IFERROR(_xlfn.AGGREGATE(15,6,ArSort/(((LEFT(ArD,LEN($C$4))=$C$4)+(LEFT(ArC,LEN($C$4))=$C$4))*($C$4<>"")*ISNUMBER(ArSort)>0),ROW()-7),"") | L18: =IF(K18="","",MOD(K18,100000)-4)
B19: =IF(K19="","",INDEX(ArData,L19)) | C19: =IF(K19="","",INDEX(ArNr,L19)) | D19: =IF(K19="","",INDEX(ArExp,L19)) | E19: =IF(K19="","",IF(LEFT(INDEX(ArD,L19),LEN($C$4))=$C$4,INDEX(ArC,L19),INDEX(ArD,L19))) | F19: =IF(K19="","",IF(LEFT(INDEX(ArD,L19),LEN($C$4))=$C$4,INDEX(ArSuma,L19),0)) | G19: =IF(K19="","",IF(LEFT(INDEX(ArC,L19),LEN($C$4))=$C$4,INDEX(ArSuma,L19),0)) | H19: =IF(K19="","",ABS(IF($D$5="debitor",N($C$5),-N($C$5))+SUM($F$8:F19)-SUM($G$8:G19))) | I19: =IF(K19="","",IF(IF($D$5="debitor",N($C$5),-N($C$5))+SUM($F$8:F19)-SUM($G$8:G19)>=0,"D","C")) | K19: =IFERROR(_xlfn.AGGREGATE(15,6,ArSort/(((LEFT(ArD,LEN($C$4))=$C$4)+(LEFT(ArC,LEN($C$4))=$C$4))*($C$4<>"")*ISNUMBER(ArSort)>0),ROW()-7),"") | L19: =IF(K19="","",MOD(K19,100000)-4)
... B207: =IF(K207="","",INDEX(ArData,L207)) | C207: =IF(K207="","",INDEX(ArNr,L207)) | D207: =IF(K207="","",INDEX(ArExp,L207)) | E207: =IF(K207="","",IF(LEFT(INDEX(ArD,L207),LEN($C$4))=$C$4,INDEX(ArC,L207),INDEX(ArD,L207))) | F207: =IF(K207="","",IF(LEFT(INDEX(ArD,L207),LEN($C$4))=$C$4,INDEX(ArSuma,L207),0)) | G207: =IF(K207="","",IF(LEFT(INDEX(ArC,L207),LEN($C$4))=$C$4,INDEX(ArSuma,L207),0)) | H207: =IF(K207="","",ABS(IF($D$5="debitor",N($C$5),-N($C$5))+SUM($F$8:F207)-SUM($G$8:G207))) | I207: =IF(K207="","",IF(IF($D$5="debitor",N($C$5),-N($C$5))+SUM($F$8:F207)-SUM($G$8:G207)>=0,"D","C")) | K207: =IFERROR(_xlfn.AGGREGATE(15,6,ArSort/(((LEFT(ArD,LEN($C$4))=$C$4)+(LEFT(ArC,LEN($C$4))=$C$4))*($C$4<>"")*ISNUMBER(ArSort)>0),ROW()-7),"") | L207: =IF(K207="","",MOD(K207,100000)-4)

Sheet Rulaje
B1: Rulajele conturilor din notele contabile
B2: Pentru fiecare cont din plan: totalul sumelor trecute pe debit și pe credit. Totalurile trebuie să fie egale (partida dublă).
B4: Cont | C4: Denumire | D4: Tip | E4: Rulaj debitor | F4: Rulaj creditor | G4: Diferență (D − C) | H4: Observație
B5: ='Plan de conturi'!B8 -> 1012 | C5: ='Plan de conturi'!C8 -> Capital subscris vărsat | D5: ='Plan de conturi'!D8 -> P | E5: =SUMPRODUCT((LEFT(ArD,LEN(B5))=B5)*ISNUMBER(ArSuma),ArSuma) -> 0 | F5: =SUMPRODUCT((LEFT(ArC,LEN(B5))=B5)*ISNUMBER(ArSuma),ArSuma) -> 0 | G5: =E5-F5 -> 0 | H5: =IF(AND(E5=0,F5=0),"",IF(AND(D5="A",G5<0),"Cont de activ cu mișcare netă creditoare: verifică soldul",IF(AND(D5="P",G5>0),"Cont de pasiv cu mișcare netă debitoare: verifică soldul","")))
B6: ='Plan de conturi'!B9 -> 1061 | C6: ='Plan de conturi'!C9 -> Rezerve legale | D6: ='Plan de conturi'!D9 -> P | E6: =SUMPRODUCT((LEFT(ArD,LEN(B6))=B6)*ISNUMBER(ArSuma),ArSuma) -> 0 | F6: =SUMPRODUCT((LEFT(ArC,LEN(B6))=B6)*ISNUMBER(ArSuma),ArSuma) -> 0 | G6: =E6-F6 -> 0 | H6: =IF(AND(E6=0,F6=0),"",IF(AND(D6="A",G6<0),"Cont de activ cu mișcare netă creditoare: verifică soldul",IF(AND(D6="P",G6>0),"Cont de pasiv cu mișcare netă debitoare: verifică soldul","")))
B7: ='Plan de conturi'!B10 -> 117 | C7: ='Plan de conturi'!C10 -> Rezultatul reportat | D7: ='Plan de conturi'!D10 -> B | E7: =SUMPRODUCT((LEFT(ArD,LEN(B7))=B7)*ISNUMBER(ArSuma),ArSuma) -> 0 | F7: =SUMPRODUCT((LEFT(ArC,LEN(B7))=B7)*ISNUMBER(ArSuma),ArSuma) -> 0 | G7: =E7-F7 -> 0 | H7: =IF(AND(E7=0,F7=0),"",IF(AND(D7="A",G7<0),"Cont de activ cu mișcare netă creditoare: verifică soldul",IF(AND(D7="P",G7>0),"Cont de pasiv cu mișcare netă debitoare: verifică soldul","")))
B8: ='Plan de conturi'!B11 -> 121 | C8: ='Plan de conturi'!C11 -> Profit sau pierdere | D8: ='Plan de conturi'!D11 -> B | E8: =SUMPRODUCT((LEFT(ArD,LEN(B8))=B8)*ISNUMBER(ArSuma),ArSuma) -> 0 | F8: =SUMPRODUCT((LEFT(ArC,LEN(B8))=B8)*ISNUMBER(ArSuma),ArSuma) -> 0 | G8: =E8-F8 -> 0 | H8: =IF(AND(E8=0,F8=0),"",IF(AND(D8="A",G8<0),"Cont de activ cu mișcare netă creditoare: verifică soldul",IF(AND(D8="P",G8>0),"Cont de pasiv cu mișcare netă debitoare: verifică soldul","")))
B9: ='Plan de conturi'!B12 -> 1621 | C9: ='Plan de conturi'!C12 -> Credite bancare pe termen lung | D9: ='Plan de conturi'!D12 -> P | E9: =SUMPRODUCT((LEFT(ArD,LEN(B9))=B9)*ISNUMBER(ArSuma),ArSuma) -> 0 | F9: =SUMPRODUCT((LEFT(ArC,LEN(B9))=B9)*ISNUMBER(ArSuma),ArSuma) -> 0 | G9: =E9-F9 -> 0 | H9: =IF(AND(E9=0,F9=0),"",IF(AND(D9="A",G9<0),"Cont de activ cu mișcare netă creditoare: verifică soldul",IF(AND(D9="P",G9>0),"Cont de pasiv cu mișcare netă debitoare: verifică soldul","")))
B10: ='Plan de conturi'!B13 -> 208 | C10: ='Plan de conturi'!C13 -> Alte imobilizări necorporale | D10: ='Plan de conturi'!D13 -> A | E10: =SUMPRODUCT((LEFT(ArD,LEN(B10))=B10)*ISNUMBER(ArSuma),ArSuma) -> 0 | F10: =SUMPRODUCT((LEFT(ArC,LEN(B10))=B10)*ISNUMBER(ArSuma),ArSuma) -> 0 | G10: =E10-F10 -> 0 | H10: =IF(AND(E10=0,F10=0),"",IF(AND(D10="A",G10<0),"Cont de activ cu mișcare netă creditoare: verifică soldul",IF(AND(D10="P",G10>0),"Cont de pasiv cu mișcare netă debitoare: verifică soldul","")))
B11: ='Plan de conturi'!B14 -> 2131 | C11: ='Plan de conturi'!C14 -> Echipamente tehnologice (mașini, utilaje și instalații de lucru) | D11: ='Plan de conturi'!D14 -> A | E11: =SUMPRODUCT((LEFT(ArD,LEN(B11))=B11)*ISNUMBER(ArSuma),ArSuma) -> 0 | F11: =SUMPRODUCT((LEFT(ArC,LEN(B11))=B11)*ISNUMBER(ArSuma),ArSuma) -> 0 | G11: =E11-F11 -> 0 | H11: =IF(AND(E11=0,F11=0),"",IF(AND(D11="A",G11<0),"Cont de activ cu mișcare netă creditoare: verifică soldul",IF(AND(D11="P",G11>0),"Cont de pasiv cu mișcare netă debitoare: verifică soldul","")))
B12: ='Plan de conturi'!B15 -> 2133 | C12: ='Plan de conturi'!C15 -> Mijloace de transport | D12: ='Plan de conturi'!D15 -> A | E12: =SUMPRODUCT((LEFT(ArD,LEN(B12))=B12)*ISNUMBER(ArSuma),ArSuma) -> 0 | F12: =SUMPRODUCT((LEFT(ArC,LEN(B12))=B12)*ISNUMBER(ArSuma),ArSuma) -> 0 | G12: =E12-F12 -> 0 | H12: =IF(AND(E12=0,F12=0),"",IF(AND(D12="A",G12<0),"Cont de activ cu mișcare netă creditoare: verifică soldul",IF(AND(D12="P",G12>0),"Cont de pasiv cu mișcare netă debitoare: verifică soldul","")))
B13: ='Plan de conturi'!B16 -> 214 | C13: ='Plan de conturi'!C16 -> Mobilier, aparatură birotică și alte active corporale | D13: ='Plan de conturi'!D16 -> A | E13: =SUMPRODUCT((LEFT(ArD,LEN(B13))=B13)*ISNUMBER(ArSuma),ArSuma) -> 0 | F13: =SUMPRODUCT((LEFT(ArC,LEN(B13))=B13)*ISNUMBER(ArSuma),ArSuma) -> 0 | G13: =E13-F13 -> 0 | H13: =IF(AND(E13=0,F13=0),"",IF(AND(D13="A",G13<0),"Cont de activ cu mișcare netă creditoare: verifică soldul",IF(AND(D13="P",G13>0),"Cont de pasiv cu mișcare netă debitoare: verifică soldul","")))
B14: ='Plan de conturi'!B17 -> 2808 | C14: ='Plan de conturi'!C17 -> Amortizarea altor imobilizări necorporale | D14: ='Plan de conturi'!D17 -> P | E14: =SUMPRODUCT((LEFT(ArD,LEN(B14))=B14)*ISNUMBER(ArSuma),ArSuma) -> 0 | F14: =SUMPRODUCT((LEFT(ArC,LEN(B14))=B14)*ISNUMBER(ArSuma),ArSuma) -> 250 | G14: =E14-F14 -> -250 | H14: =IF(AND(E14=0,F14=0),"",IF(AND(D14="A",G14<0),"Cont de activ cu mișcare netă creditoare: verifică soldul",IF(AND(D14="P",G14>0),"Cont de pasiv cu mișcare netă debitoare: verifică soldul","")))
B15: ='Plan de conturi'!B18 -> 2813 | C15: ='Plan de conturi'!C18 -> Amortizarea instalațiilor și mijloacelor de transport | D15: ='Plan de conturi'!D18 -> P | E15: =SUMPRODUCT((LEFT(ArD,LEN(B15))=B15)*ISNUMBER(ArSuma),ArSuma) -> 0 | F15: =SUMPRODUCT((LEFT(ArC,LEN(B15))=B15)*ISNUMBER(ArSuma),ArSuma) -> 2208.33 | G15: =E15-F15 -> -2208.33 | H15: =IF(AND(E15=0,F15=0),"",IF(AND(D15="A",G15<0),"Cont de activ cu mișcare netă creditoare: verifică soldul",IF(AND(D15="P",G15>0),"Cont de pasiv cu mișcare netă debitoare: verifică soldul","")))
B16: ='Plan de conturi'!B19 -> 2814 | C16: ='Plan de conturi'!C19 -> Amortizarea altor imobilizări corporale | D16: ='Plan de conturi'!D19 -> P | E16: =SUMPRODUCT((LEFT(ArD,LEN(B16))=B16)*ISNUMBER(ArSuma),ArSuma) -> 0 | F16: =SUMPRODUCT((LEFT(ArC,LEN(B16))=B16)*ISNUMBER(ArSuma),ArSuma) -> 0 | G16: =E16-F16 -> 0 | H16: =IF(AND(E16=0,F16=0),"",IF(AND(D16="A",G16<0),"Cont de activ cu mișcare netă creditoare: verifică soldul",IF(AND(D16="P",G16>0),"Cont de pasiv cu mișcare netă debitoare: verifică soldul","")))
... B85: ='Plan de conturi'!B88 -> 766 | C85: ='Plan de conturi'!C88 -> Venituri din dobânzi | D85: ='Plan de conturi'!D88 -> P | E85: =SUMPRODUCT((LEFT(ArD,LEN(B85))=B85)*ISNUMBER(ArSuma),ArSuma) -> 0 | F85: =SUMPRODUCT((LEFT(ArC,LEN(B85))=B85)*ISNUMBER(ArSuma),ArSuma) -> 0 | G85: =E85-F85 -> 0 | H85: =IF(AND(E85=0,F85=0),"",IF(AND(D85="A",G85<0),"Cont de activ cu mișcare netă creditoare: verifică soldul",IF(AND(D85="P",G85>0),"Cont de pasiv cu mișcare netă debitoare: verifică soldul","")))
B86: TOTAL | E86: =SUMPRODUCT(--ISNUMBER(ArSuma),ArSuma) -> 44433.33 | F86: =E86 -> 44433.33 | G86: =IF(ROUND(SUM(E5:E85)-SUM(F5:F85),2)=0,"✔ D = C","⚠ Conturi lipsă din plan") -> ✔ D = C

Sheet Plan de conturi
B1: Plan de conturi
B2: Conturile folosite cel mai des (OMFP nr. 1.802/2014). Adaugă conturile de care ai nevoie; analiticele de tipul 401.01 sunt recunoscute după contul sintetic.
B4: Entitatea: | C4: Exemplu Distribuție SRL
B5: CUI: | C5: RO12345678
B7: Cont | C7: Denumire | D7: Tip (A / P / B) | F7: A = cont de activ (sold debitor) · P = cont de pasiv (sold creditor) · B = cont bifuncțional
B8: 1012 | C8: Capital subscris vărsat | D8: P
B9: 1061 | C9: Rezerve legale | D9: P
B10: 117 | C10: Rezultatul reportat | D10: B
B11: 121 | C11: Profit sau pierdere | D11: B
B12: 1621 | C12: Credite bancare pe termen lung | D12: P
B13: 208 | C13: Alte imobilizări necorporale | D13: A
B14: 2131 | C14: Echipamente tehnologice (mașini, utilaje și instalații de lucru) | D14: A
B15: 2133 | C15: Mijloace de transport | D15: A
B16: 214 | C16: Mobilier, aparatură birotică și alte active corporale | D16: A
B17: 2808 | C17: Amortizarea altor imobilizări necorporale | D17: P
B18: 2813 | C18: Amortizarea instalațiilor și mijloacelor de transport | D18: P
B19: 2814 | C19: Amortizarea altor imobilizări corporale | D19: P
... B88: 766 | C88: Venituri din dobânzi | D88: P

Sheet Despre model
B1: Model notă contabilă Excel
B3: © 2026 Ray Moreno – modelexcel.ro
B4: Model gratuit: îl poți folosi și adapta în activitatea ta. Nu este permisă revânzarea lui sau publicarea pe alte site-uri.
B5: Instrucțiuni și alte modele: modelexcel.ro/model-nota-contabila-excel/
